 Dungeon Crawl Stone Soup version 0.24.0-2-g5b39cebb1c (webtiles) character file.

Game seed: 2213800063154939102, levelgen mode: deterministic

320781 ventricule the Black Belt (level 22, -15/172 HPs)
             Began as a Human Transmuter on Oct 30, 2019.
             Was a High Priest of Sif Muna.
             Killed from afar by a quicksilver dragon (50 damage)
             ... with a bolt of dispelling energy
             ... while paralysed by a floating eye
             ... on level 3 of the Vaults.
             The game lasted 03:43:27 (60721 turns).

ventricule the Black Belt (Human Transmuter)       Turns: 60721, Time: 03:43:28

Health: -15/172    AC: 11    Str: 12    XL:     22   Next: 46%
Magic:  0/35       EV:  2    Int: 27    God:    Sif Muna [*****.]
Gold:   1272       SH:  0    Dex: 17    Spells: 5/39 levels left

rFire    + . .     SeeInvis .     - Unarmed
rCold    . . .     Gourm    .   (no shield)
rNeg     + + .     Faith    .   y - +2 leather armour {rF+} {rF+}
rPois    +         Spirit   +   N - +0 hat
rElec    +         Reflect  .   c - +1 cloak
rCorr    .         Harm     .   Z - +0 pair of gloves of Ruroukhu {rElec rN++ Int+5 Dex-2}
MR       ++...                  a - +2 pair of boots of the Marlin {MR+}
Stlth    +.........             G - amulet of guardian spirit {Spirit}
HPRegen  0.38/turn              A - +2 ring of slaying
MPRegen  0.24/turn              Q - +5 ring of dexterity

@: paralysed, very slightly contaminated, hasted (expiring)
A: antennae 1, poison resistance, screaming 1
}: 2/15 runes: serpentine, barnacled
a: Channel Magic, Forget Spell, Divine Exegesis, Renounce Religion


You were on level 3 of the Vaults.
You worshipped Sif Muna.
Sif Muna was extremely pleased with you.
You were not hungry.

You visited 8 branches of the dungeon, and saw 38 of its levels.
You visited the Abyss 1 time.
You also visited: Ossuary and Ice Cave.

You collected 3552 gold pieces.
You spent 2280 gold pieces at shops.

Inventory:

Missiles
 J - 19 silver boomerangs (quivered)
 M - 17 silver javelins
 T - 50 javelins
 W - 11 curare-tipped darts
Armour
 a - the +2 pair of boots of the Marlin (worn) {MR+}
   (You acquired it on level 1 of the Lair of Beasts)

   It affects your resistance to hostile enchantments.
 c - a +1 cloak (worn)
 y - a +2 leather armour of fire resistance (worn) {rF+}
 N - a +0 hat (worn)
 Z - the +0 pair of gloves of Ruroukhu (worn) {rElec rN++ Int+5 Dex-2}
   (You bought it in a shop on level 2 of the Orcish Mines)

   It affects your intelligence (+5).
   It affects your dexterity (-2).
   It insulates you from electricity.
   It greatly protects you from negative energy.
Magical Staves
 b - an uncursed staff of wizardry {wiz+}
Jewellery
 k - an uncursed ring of flight
 m - an uncursed ring of protection from magic
 A - a +2 ring of slaying (left hand)
 C - an uncursed ring of resist corrosion
 F - an uncursed ring of protection from fire
 G - an amulet of guardian spirit (around neck) {Spirit}
 Q - a +5 ring of dexterity (right hand)
 U - an uncursed ring of ice {rC+, rF-}
Wands
 u - a wand of acid (7)
 v - a wand of scattershot (6)
 D - a wand of digging (21)
 E - a wand of iceblast (17)
Scrolls
 f - 4 scrolls of fog
 g - 11 scrolls of fear
 i - 11 scrolls of identify
 j - 3 scrolls of holy word {!r}
 t - 12 scrolls of teleportation
 w - 3 scrolls of summoning
 z - 8 scrolls of enchant weapon
 B - 2 scrolls of blinking {!r}
 I - 3 scrolls of silence
 P - 4 scrolls of magic mapping {!r}
 R - 2 scrolls of immolation {!r}
 S - 20 scrolls of remove curse
Potions
 d - 3 potions of might
 h - a potion of haste
 l - 5 potions of heal wounds
 n - a potion of resistance
 o - 3 potions of ambrosia
 q - 10 potions of curing
 r - 5 potions of brilliance
 s - 4 potions of agility
 H - 5 potions of cancellation
 K - 3 potions of magic
 O - 2 potions of mutation {!q}
 V - a potion of invisibility
 X - 3 potions of flight
 Y - 2 potions of berserk rage {!q}
Miscellaneous
 x - a phial of floods
 L - a lamp of fire (inert)
Comestibles
 e - 32 rations
 p - 14 chunks of flesh


   Skills:
 + Level 14.2 Fighting
 + Level 9.0 Throwing
 - Level 2.1 Armour
 - Level 14.0 Dodging
 * Level 17.6 Unarmed Combat
 + Level 9.1 Spellcasting
 - Level 3.4 Conjurations
 - Level 5.9 Charms
 - Level 3.2 Summonings
 - Level 3.7 Necromancy
 + Level 5.7 Translocations
 + Level 13.3 Transmutations
 - Level 7.2 Ice Magic
 - Level 6.0 Air Magic
 - Level 10.3 Earth Magic
 - Level 4.0 Poison Magic
 - Level 8.9 Invocations
 + Level 8.3 Evocations


You had 5 spell levels left.
You knew the following spells:

 Your Spells              Type           Power        Failure   Level  Hunger
a - Lesser Beckoning      Tloc           #####.....   1%          3    None
b - Ice Form              Ice/Tmut       ######..     1%          4    #......
c - Statue Form           Tmut/Erth      ######...    7%          6    ######.
d - Deflect Missiles      Chrm/Air       #####.....   63%         6    ######.
e - Passage of Golubria   Tloc           N/A          5%          4    #......
r - Regeneration          Chrm/Necr      #####.....   2%          3    None
x - Mephitic Cloud        Conj/Pois/Air  #####...     2%          3    None
B - Summon Butterflies    Summ           ####....     1%          1    None
D - Summon Lightning Spi  Summ/Air       #####...     9%          4    #......

Your spell library contained the following spells:

 Spells                   Type           Power        Failure   Level  Hunger
 Beastly Appendage        Tmut           ######       1%          1    None
 Freeze                   Ice            ####         1%          1    None
 Infusion                 Chrm           ####         1%          1    None
 Magic Dart               Conj           ####         1%          1    None
 Pain                     Necr           ####         1%          1    None
 Shock                    Conj/Air       ####         1%          1    None
 Sting                    Conj/Pois      ####         1%          1    None
 Blink                    Tloc           N/A          1%          2    None
 Passwall                 Tmut/Erth      ######..     1%          2    None
 Poisonous Vapours        Pois/Air       #####.       1%          2    None
 Shroud of Golubria       Chrm/Tloc      #####.       1%          2    None
 Song of Slaying          Chrm           #####...     1%          2    None
 Sticks to Snakes         Tmut           ######..     1%          2    None
 Sublimation of Blood     Necr           ####......   1%          2    None
 Swiftness                Chrm/Air       #####...     1%          2    None
 Gell's Gravitas          Tloc           #####.....   1%          3    None
 Ignite Poison            Fire/Tmut/Pois #####...     1%          3    None
 Ozocubu's Armour         Chrm/Ice       #####...     1%          3    None
 Spider Form              Tmut/Pois      ######....   1%          3    None
 Stone Arrow              Conj/Erth      #####.       1%          3    None
 Teleport Other           Tloc           #####...     1%          3    None
 Petrify                  Tmut/Erth      ######..     1%          4    #......
 Blade Hands              Tmut           ######....   1%          5    ####...
 Call Imp                 Summ           ####....     2%          2    None
 Searing Ray              Conj           ####..       2%          2    None
 Recall                   Summ/Tloc      N/A          2%          3    None
 Static Discharge         Conj/Air       #####...     2%          3    None
 Lee's Rapid Deconstruct  Erth           ######....   2%          5    ####...
 Flame Tongue             Conj/Fire      ###..        3%          1    None
 Throw Flame              Conj/Fire      ###...       4%          2    None
 Call Canine Familiar     Summ           ####....     4%          3    None
 Airstrike                Air            #####.....   4%          4    #......
 Alistair's Intoxication  Tmut/Pois      ######..     4%          5    ####...
 Portal Projectile        Hex/Tloc       ####..       5%          3    None
 Spectral Weapon          Hex/Chrm       ####....     5%          3    None
 Irradiate                Conj/Tmut      ######....   5%          5    ####...
 Leda's Liquefaction      Hex/Erth       #####.....   7%          4    #......
 Summon Ice Beast         Ice/Summ       #####...     7%          4    #......
 Throw Icicle             Conj/Ice       #####...     7%          4    #......
 Slow                     Hex            ##......     9%          2    None
 Conjure Flame            Conj/Fire      ###.....     9%          3    None
 Dazzling Spray           Conj/Hex       ###...       9%          3    None
 Summon Guardian Golem    Hex/Summ       ###.....     9%          3    None
 Force Lance              Conj/Tloc      #####...     9%          4    #......
 Borgnjor's Vile Clutch   Necr/Erth      ######....   10%         5    ####...
 Yara's Violent Unravell  Hex/Tmut       #####.....   11%         5    ####...
 Olgreb's Toxic Radiance  Pois           ####....     12%         4    #......
 Inner Flame              Hex/Fire       ##......     19%         3    None
 Excruciating Wounds      Chrm/Necr      #####.....   22%         5    ####...
 Iskenderun's Battlesphe  Conj/Chrm      #####...     24%         5    ####...
 Lightning Bolt           Conj/Air       #####.....   24%         5    ####...
 Bolt of Magma            Conj/Fire/Erth #####.....   26%         5    ####...
 Summon Forest            Summ/Tloc      #####.....   26%         5    ####...
 Fulminant Prism          Conj/Hex       ###.......   30%         4    #......
 Sticky Flame             Conj/Fire      ###.....     30%         4    #......
 Venom Bolt               Conj/Pois      ####......   34%         5    ####...
 Bolt of Draining         Conj/Necr      ####......   36%         5    ####...
 Metabolic Englaciation   Hex/Ice        ####......   36%         5    ####...
 Aura of Abjuration       Summ           ####......   41%         5    ####...
 Silence                  Hex/Air        ####......   43%         5    ####...
 Fireball                 Conj/Fire      ###.......   63%         5    ####...
 Summon Mana Viper        Hex/Summ       ###.....     63%         5    ####...
 Hydra Form               Tmut           ######....   4%          6    ######.
 Dragon Form              Tmut           ######....   22%         7    #######
 Ozocubu's Refrigeration  Ice            ######....   43%         6    ######.
 Iron Shot                Conj/Erth      #####.....   47%         6    ######.
 Freezing Cloud           Conj/Ice/Air   #####.....   67%         6    ######.
 Simulacrum               Ice/Necr       #####.....   67%         6    ######.
 Bolt of Cold             Conj/Ice       #####.....   71%         6    ######.
 Conjure Ball Lightning   Conj/Air       #####.....   78%         6    ######.
 Shadow Creatures         Summ           N/A          94%         6    ######.
 Bolt of Fire             Conj/Fire      ###.......   99%         6    ######.
 Ring of Flames           Chrm/Fire      ####......   100%        7    #######
 Summon Hydra             Summ           ####......   100%        7    #######
 Chain Lightning          Conj/Air       #####.....   100%        8    #######
 Necromutation            Tmut/Necr      ######....   100%        8    #######
 Fire Storm               Conj/Fire      ###.......   100%        9    #######
 Glaciate                 Conj/Ice       #####.....   100%        9    #######
 Shatter                  Erth           ######....   100%        9    #######


Dungeon Overview and Level Annotations

Branches:
Dungeon (15/15)            Temple (1/1) D:5            Lair (6/6) D:10
 Shoals (4/4) Lair:2        Snake (4/4) Lair:2        Slime (0/5) Lair:5
    Orc (2/2) D:10            Elf (3/3) Orc:2        Vaults (3/5) D:13
  Crypt (0/3) Vaults:2     Depths (0/5) D:15        Ossuary (visited)
  IceCv (visited)

Altars:
Ashenzari
Cheibriados
Dithmenos
Elyvilon
Fedhas
Gozag
Hepliaklqana
Kikubaaqudgha
Makhleb
Nemelex Xobeh
Okawaru
Qazlal
Ru
Sif Muna
Trog
Uskayaw
Vehumet
Wu Jian
Xom
Yredelemnul
Zin
The Shining One
Jiyva

Shops:
D:4 *   D:8 =   D:11 %   Orc:2 :%*[   Elf:3 (

Annotations:
D:5 2 transporters, Rjs's ghost, amateur GnWz
D:7 Dowan
D:8 Harold
Lair:5 exclusion: oklob plant
Snake:3 2 transporters, Zoimialu's ghost, adept OpWz
Elf:2 2 runed translucent doors


Innate Abilities, Weirdness & Mutations

You have a pair of small antennae on your head.
Your system is resistant to poisons. (rPois)
You occasionally shout uncontrollably at your foes.


Message History

The entropy weaver twitches its antennae in your direction.
The entropy weaver changes into an ice dragon!
The floating eye seems to glare at you.
You feel a bit more experienced.
You feel much better.
Something barely misses your lightning spire.
Something claws your lightning spire!!
Your lightning spire is destroyed!
You regained 20 hp, and now have 38/172 hp.
You feel yourself speed up.
The floating eye gazes piercingly through you!
You suddenly lose the ability to move!
The quicksilver dragon roars deafeningly!
The ironheart preserver hits you with a +0 great mace of crushing.
* * * LOW HITPOINT WARNING * * *
x2 The quicksilver dragon breathes dispelling energy at you.
The bolt of dispelling energy hits you!!!
Your magical effects are unravelling.
* * * LOW MAGIC WARNING * * *
You die...

###....######################'###
#....# ##############..### #....#
#...........)).)... #....#
#...........)...... #.)..#
#''################ #....#
#........... { ###....#
#........... ..#....#
####†####### ..#....# #.@GD# .
..#....# #Dp..# .. ..#....#
#'####p#### ..#....# #D(DCp.....
..#....# #C.)pXDp... ..#....#
########### ..#....# ..'....#
..#....#


You could see an ironheart preserver, a storm dragon, an ice dragon shaped
shifter, a quicksilver dragon, an ettin and a floating eye.

Levels and vault maps discovered:
D:1:      dpeg_arrival_pits, layout_rooms
D:2:      layout_loops_ring, uniq_crazy_yiuf_cottage
D:3:      wad_crossroads, layout_rooms, chequers_ecumenical_altar_grove,
          solitary_fountain, uniq_ijyb
D:4:      layout_basic, nicolae_dithmenos_shadow_blocks, serial_shops,
          nicolae_shop_behind_doors
D:5:      layout_cave_pools, minmay_temple_entry_hall, gammafunk_ghost_arena,
          nicolae_ossuary_entry_false_entrances, first_ration,
          minmay_manual_mandibuliform
D:6:      layout_loops_ring, minmay_misc_feat_tiny
D:7:      layout_basic, gammafunk_temple_overflow_forgotten, basic_altar,
          uniq_duvessa
D:8:      layout_rooms, serial_shops, nicolae_shop_window_shopping,
          hangedman_ranch [blue_anna_fruit_fields], st_stairs_5,
          nicolae_two_hexagons, nicolae_water_bricks, uniq_harold
D:9:      layout_cave_pools, grunt_temple_overflow_forces_of_nature,
          yredelemnul_forgotten_temple_becter,
          gammafunk_temple_overflow_elements, nicolae_overflow_crystal_walls
D:10:     layout_rooms, erik_lair_dragon, erik_orc_4
D:11:     layout_roguey, special_room [special_room_kobold], serial_shops,
          nicolae_shop_behind_doors, kennysheep_generic_room_11
D:12:     layout_loops_cross, portal_ice_cave_entry_pillars_2, serial_ice,
          serial_ice_b, serial_ice_c, serial_ice_k, serial_ice_o,
          lemuel_statue_altar
D:13:     layout_basic, skrybe_vaults_entry_preservation, basic_altar,
          minmay_fractal_squares_gapless_5, uniq_nessos
D:14:     layout_cave_pools
D:15:     grunt_enter_depths_snipers, layout_long_grid, minivault_27,
          minmay_misc_feat_hallway, hangedman_abyss_or_decor_stabs, tgw_xom,
          uniq_kirke
Temple:   minmay_temple_bridge_abc
Lair:1:   layout_regular_city, basic_altar, uniq_urug, uniq_erica
Lair:2:   layout_long_grid, elwin_shoals_entry_stream, dummy_snake_entry,
          basic_altar, grunt_forest_large_clearings
Lair:3:   layout_regular_city, chequers_serial_rivers_small_3
Lair:4:   layout_regular_city
Lair:5:   layout_cave_pods, slime_altar_1, special_room [special_room_bee],
          enter_volcano_4, minmay_lair_oklob_chamber, lemuel_fruit_tree,
          uniq_sonja
Lair:6:   evil_forest, layout_loops_ring, lemuel_fruit_fields,
          serial_bayou_shore_b
Shoals:1: argonaut_golden_fleece, layout_shoals, wheals_shoals_ruined_temple
Shoals:2: layout_shoals
Shoals:3: layout_shoals, nicolae_shoals_wave_tunnel, uniq_polyphemus,
          uniq_ilsuiw
Shoals:4: shoals_end_grunt_ice, layout_shoals
Snake:1:  layout_layer_cave, uniq_jorgrun
Snake:2:  layout_misc_corridors, grunt_ministairs_12
Snake:3:  layout_gridlike, gammafunk_ghost_arena, grunt_ministairs_12,
          grunt_megastairs_4, serial_bayou_shore_b
Snake:4:  grunt_snake_rune_spirals, layout_concentric_octagons,
          guppyfry_library_mini
Orc:1:    layout_caves
Orc:2:    st_orc_rangers, layout_diamond_mine, basic_altar
Elf:1:    layout_gridlike, minmay_elf_demonology, nicolae_elf_big_sculpture_1
Elf:2:    layout_onion_city
Elf:3:    elf_hall, layout_geoelf_castle, serial_shops, nicolae_shop_trees,
          grunt_ministairs_8, drop_trap, st_stairs_9
Vaults:1: nicolae_vaults_halls_meeting, ontoclasm_vaults_pinch, v_misc_1,
          hangedman_vaults_pinch, hangedman_vaults_corner, v_misc_24,
          vaults_room_door_hall, ontoclasm_vaults_gateway, vaults_room_hallway,
          v_rooms_5, ontoclasm_vaults_eye, nicolae_vaults_diagonal_hallway_9,
          vaults_dpeg_hooks, layout_vaults_maze, uniq_nikola
Vaults:2: nicolae_vaults_angled_halls, minmay_crypt_entry_simple_box,
          nicolae_vaults_theta, ontoclasm_vaults_hangar, v_misc_24,
          layout_vaults_omnigrid
Vaults:3: hangedman_vaults_slither, nicolae_vaults_asterisk, st_greater_box_4,
          v_misc_15, nicolae_vaults_ninety_degrees,
          nicolae_vaults_twisting_passages, hangedman_vaults_river_flow,
          nicolae_vaults_shelves_hall, layout_vaults_big_cross, serial_shops,
          nicolae_shop_crystal

Notes
Turn   | Place    | Note
-------+----------+-------------------------------------------
     0 | D:1      | ventricule the Human Transmuter began the quest for the
                  | Orb.
     0 | D:1      | Reached XP level 1. HP: 15/15 MP: 3/3
     3 | D:1      | You fall into a shaft and drop 1 floor!
   281 | D:2      | Found a runed translucent door.
   282 | D:2      | Identified a +4 quarterstaff of chaos
   282 | D:2      | Identified a +0 cloak
   282 | D:2      | Noticed Crazy Yiuf
   304 | D:2      | Reached XP level 2. HP: 7/21 MP: 1/5
   305 | D:2      | Identified a scroll of random uselessness
   306 | D:2      | Identified a scroll of identify
   311 | D:2      | HP: 5/21 [poisoned by an adder]
   319 | D:2      | HP: 4/21 [poisoned by an adder]
   457 | D:2      | Learned a level 2 spell: Sticks to Snakes
   577 | D:2      | Reached XP level 3. HP: 16/26 MP: 2/6
  1105 | D:1      | Identified a +0 club
  1312 | D:1      | Identified a ring of flight (You found it on level 1 of the
                  | Dungeon)
  1321 | D:1      | Identified a +0 club
  1331 | D:1      | Reached XP level 4. HP: 29/32 MP: 7/7
  1471 | D:1      | Identified a +0 dagger
  1522 | D:1      | Identified a +0 club
  1523 | D:1      | Identified a cursed -1 whip
  1691 | D:1      | Learned a level 3 spell: Spider Form
  1914 | D:2      | Identified a scroll of remove curse
  1915 | D:2      | Identified a scroll of teleportation
  1916 | D:2      | Identified a scroll of enchant weapon
  1917 | D:2      | Identified 2 scrolls of noise
  1925 | D:2      | Identified a potion of mutation
  1926 | D:2      | Identified a ring of strength (You found it on level 2 of
                  | the Dungeon)
  1927 | D:2      | Gained mutation: You have a pair of small antennae on your
                  | head. [potion of mutation]
  1927 | D:2      | Gained mutation: You occasionally shout uncontrollably at
                  | your foes. [potion of mutation]
  1927 | D:2      | Gained mutation: Your system is resistant to poisons.
                  | (rPois) [potion of mutation]
  1952 | D:2      | Killed Crazy Yiuf
  1952 | D:2      | Reached skill level 3 in Dodging
  1952 | D:2      | Reached skill level 3 in Transmutations
  2013 | D:3      | Identified a +0 trident
  2013 | D:3      | Identified a +0 dagger
  2087 | D:3      | Identified a +0 ring mail
  2087 | D:3      | Noticed Ijyb
  2091 | D:3      | Identified a +0 dagger
  2104 | D:3      | Killed Ijyb
  2104 | D:3      | Reached skill level 1 in Poison Magic
  2104 | D:3      | Reached XP level 5. HP: 19/37 MP: 3/8
  2364 | D:3      | Identified a scroll of blinking
  2393 | D:3      | Identified a +0 club
  2395 | D:3      | Reached skill level 4 in Unarmed Combat
  2457 | D:3      | Identified a +0 dagger
  2625 | D:3      | Identified a +0 whip
  2625 | D:3      | Identified a +0 dagger
  2625 | D:3      | Identified a +0 robe
  2626 | D:3      | Identified a +0 hand axe
  2626 | D:3      | Identified a +0 chain mail
  2629 | D:3      | Identified a +0 short sword
  2629 | D:3      | Identified a +0 ring mail
  2630 | D:3      | Identified a +0 hand axe
  2661 | D:2      | HP: 9/37 [jackal (2)]
  2670 | D:2      | HP: 6/37 [adder (2)]
  2672 | D:2      | Identified a potion of curing
  2676 | D:2      | HP: 5/37 [jackal (1)]
  2960 | D:3      | Identified a +0 mace
  3058 | D:3      | Identified a +0 war axe
  3060 | D:3      | Identified a +0 leather armour
  3061 | D:3      | Identified a +0 flail
  3061 | D:3      | Identified a +0 dagger
  3061 | D:3      | Identified a +0 robe
  3085 | D:3      | Reached XP level 6. HP: 21/43 MP: 5/9
  3348 | D:3      | Identified a +0 dagger
  3348 | D:3      | Identified a cursed -2 hunting sling
  3410 | D:3      | Identified a cursed -2 flail
  3410 | D:3      | Identified a +0 scale mail
  3803 | D:3      | Identified a potion of heal wounds
  3804 | D:3      | Identified a scroll of enchant armour
  3806 | D:3      | Identified a +0 club
  4069 | D:3      | Found a faded altar of an unknown god.
  4223 | D:4      | Noticed a phantom
  4529 | D:4      | Killed a phantom
  4529 | D:4      | Reached XP level 7. HP: 42/49 MP: 2/10
  4596 | D:4      | Found a shadowy altar of Dithmenos.
  4725 | D:4      | Reached skill level 2 in Fighting
  4725 | D:4      | Reached skill level 4 in Dodging
  4725 | D:4      | Reached skill level 4 in Transmutations
  4731 | D:4      | Learned a level 4 spell: Ice Form
  4910 | D:4      | Identified a +0 whip
  4944 | D:4      | Found Puejiso's Assorted Antiques.
  4947 | D:4      | Bought a lumpy diamond amulet for 100 gold pieces
  5076 | D:4      | Identified a +0 club
  5076 | D:4      | Identified a +0 ring mail
  5076 | D:4      | Identified a +0 dagger
  5076 | D:4      | Identified a +0 robe
  5078 | D:4      | Identified a cursed -1 flail
  5083 | D:4      | Identified a +0 falchion
  5084 | D:4      | Identified a +0 giant club
  5107 | D:4      | Identified a +0 ring mail
  5107 | D:4      | Identified a cursed -1 dagger
  5107 | D:4      | Identified a +0 robe
  5115 | D:4      | Identified a +0 hand axe
  5131 | D:4      | Reached skill level 1 in Ice Magic
  5170 | D:4      | Identified a +0 dagger
  5170 | D:4      | Identified a +0 robe
  5724 | D:5      | Entered Level 5 of the Dungeon
  5724 | D:5      | Identified a +0 flail
  5727 | D:5      | Identified a +0 spear
  5779 | D:5      | Identified a +0 shortbow of flaming
  5796 | D:5      | Reached skill level 5 in Unarmed Combat
  5796 | D:5      | Reached XP level 8. HP: 24/57 MP: 1/11
  5838 | D:5      | Identified a ring of poison resistance (You found it on
                  | level 5 of the Dungeon)
  5896 | D:5      | Found a transporter.
  5905 | D:5      | Noticed Rjs's ghost (amateur GnWz)
  5908 | D:5      | Found a transporter.
  5923 | D:5      | Found a sand-covered staircase.
  5968 | Ossuary  | Entered an ossuary
  6188 | Ossuary  | Reached skill level 2 in Ice Magic
  6325 | Ossuary  | Reached skill level 3 in Fighting
  6858 | Ossuary  | Identified a potion of lignification
  6859 | Ossuary  | Identified a potion of ambrosia
  6860 | Ossuary  | Identified a scroll of amnesia
  6861 | Ossuary  | Identified a scroll of fog
  6902 | D:5      | Identified a ring of stealth (You found it on level 5 of
                  | the Dungeon)
  6909 | D:5      | Identified a +0 flail
  6909 | D:5      | Identified a +3 leather armour
  6914 | D:5      | Identified a +0 whip
  6928 | D:5      | Noticed a five-headed hydra
  6928 | D:5      | HP: 12/58 [ice beast (4)]
  6928 | D:5      | HP: 1/58 [ice beast (11)]
  7331 | D:5      | Identified a potion of brilliance
  7400 | D:6      | Reached skill level 5 in Dodging
  7400 | D:6      | Reached skill level 5 in Transmutations
  7425 | D:6      | Identified a +0 flail
  7425 | D:6      | Identified a +0 leather armour
  7427 | D:6      | Identified a cursed -3 battleaxe
  7427 | D:6      | Identified a +0 chain mail
  7476 | D:6      | Identified a +0 hand axe
  7476 | D:6      | Identified a +0 leather armour
  7562 | D:6      | Identified a +0 dagger
  7562 | D:6      | Identified a +0 robe
  7678 | D:6      | Reached skill level 3 in Ice Magic
  7758 | D:6      | Identified a +0 mace
  7758 | D:6      | Identified a +0 chain mail
  7762 | D:6      | Identified a +0 dagger
  7915 | D:6      | Identified a +0 hand axe
  7921 | D:6      | Reached skill level 4 in Fighting
  7921 | D:6      | Reached XP level 9. HP: 61/65 MP: 5/12
  7933 | D:6      | Identified a +0 dagger
  7933 | D:6      | Identified a +0 leather armour
  7937 | D:6      | Identified a +0 flail
  7938 | D:6      | Identified a +0 club
  7957 | D:6      | Identified a +0 whip
  7957 | D:6      | Identified a +0 leather armour
  7958 | D:6      | Identified a +0 hand axe
  7958 | D:6      | Identified a +0 dagger
  7958 | D:6      | Identified a +0 leather armour
  8191 | D:5      | Got a twisted leather armour
  8202 | D:5      | Identified the +1 leather armour of Fortitude {rElec MR+}
                  | (You found it on level 5 of the Dungeon)
  8212 | D:5      | Identified a +0 robe
  8256 | D:5      | Found a staircase to the Ecumenical Temple.
  8271 | Temple   | Entered the Ecumenical Temple
  8308 | Temple   | Became a worshipper of Sif Muna the Loreminder
  8363 | D:6      | Identified a +0 dagger
  8363 | D:6      | Identified a +0 robe
  8363 | D:6      | Identified a +0 falchion
  8363 | D:6      | Identified a +0 flail of protection
  8363 | D:6      | Identified a +0 scale mail
  8493 | D:6      | Identified a +0 ring mail
  8517 | D:6      | Reached skill level 6 in Unarmed Combat
  9254 | D:7      | Identified a +0 dagger
  9254 | D:7      | Identified a +0 robe
  9254 | D:7      | Noticed Dowan
  9277 | D:7      | Found a shattered altar of Ashenzari.
  9282 | D:7      | Found a glowing golden altar of the Shining One.
  9283 | D:7      | Found a bloodstained altar of Trog.
  9446 | D:7      | Noticed a hippogriff
  9464 | D:7      | Killed a hippogriff
  9464 | D:7      | Reached skill level 4 in Ice Magic
  9572 | D:7      | Found an iron altar of Okawaru.
  9808 | D:7      | Identified a cursed +0 morningstar
  9808 | D:7      | Identified a +0 robe
  9822 | D:7      | ventricule: ??sticks to snakes
  9822 | D:7      | meem: sticks to snakes[1/4]: Turns arrows from your
                  | inventory into various snakes. Higher spell power gives
                  | nastier snakes.
  9822 | D:7      | ventricule: ??sticks to snakes[2]
  9822 | D:7      | meem: sticks to snakes[2/4]: Makes you look like Moses.
  9891 | D:8      | Identified a cursed -3 dagger
  9893 | D:8      | Identified a +0 short sword
  9893 | D:8      | Identified a +0 short sword
  9896 | D:8      | Identified a +0 dagger
  9899 | D:8      | Identified a +0 battleaxe
  9899 | D:8      | Identified a +0 scale mail
  9899 | D:8      | Noticed Harold
  9910 | D:8      | Reached skill level 6 in Transmutations
  9964 | D:8      | Reached skill level 6 in Dodging
 10085 | D:8      | Reached skill level 5 in Fighting
 10138 | D:8      | Identified a +0 shortbow
 10173 | D:8      | Identified a +0 pair of boots (You found it on level 8 of
                  | the Dungeon)
 10292 | D:8      | Identified a +0 shortbow
 10377 | D:8      | Identified a +0 club
 10377 | D:8      | Identified a +0 ring mail
 10421 | D:8      | Reached XP level 10. HP: 65/74 MP: 7/13
 10465 | D:8      | Identified a +0 falchion
 10466 | D:8      | Identified a +0 war axe
 10466 | D:8      | Identified a +0 chain mail
 10467 | D:8      | Identified a +0 flail
 10467 | D:8      | Identified a +0 ring mail
 10467 | D:8      | Identified a +0 hand axe
 10480 | D:8      | Reached * piety under Sif Muna
 10483 | D:8      | Identified a +0 club
 10483 | D:8      | Identified a +0 leather armour
 10830 | D:8      | Reached skill level 7 in Unarmed Combat
 10830 | D:8      | Reached skill level 5 in Ice Magic
 10840 | D:8      | Found Eklaow's Jewellery Emporium.
 10854 | D:8      | Bought a +2 ring of slaying for 315 gold pieces
 10932 | D:8      | Identified a +0 giant spiked club
 10937 | D:8      | Identified a +0 halberd
 10955 | D:8      | Identified a +0 short sword
 10994 | D:8      | Reached skill level 6 in Fighting
 10994 | D:8      | Reached skill level 7 in Transmutations
 11038 | D:8      | Noticed a three-headed hydra
 11048 | D:8      | Killed a three-headed hydra
 11048 | D:8      | Reached skill level 7 in Dodging
 11980 | D:9      | Identified a +0 dagger
 11980 | D:9      | Identified a +0 robe
 11980 | D:9      | Identified a cursed -3 falchion
 11980 | D:9      | Identified a +0 leather armour
 11980 | D:9      | Identified a +0 war axe
 11980 | D:9      | Identified a cursed -1 leather armour
 11988 | D:8      | Reached skill level 6 in Ice Magic
 12155 | D:9      | Identified a ring of dexterity (You found it on level 9 of
                  | the Dungeon)
 12315 | D:9      | Identified a +0 dire flail
 12315 | D:9      | Identified a +0 giant club
 12315 | D:9      | Noticed a two-headed ogre
 12344 | D:9      | Killed a two-headed ogre
 12344 | D:9      | Reached skill level 8 in Unarmed Combat
 12344 | D:9      | Reached XP level 11. HP: 47/83 MP: 10/14
 12573 | D:9      | Found a blossoming altar of Fedhas.
 12573 | D:9      | Found a stormy altar of Qazlal.
 12827 | D:9      | Found an ancient bone altar of Kikubaaqudgha.
 12959 | D:9      | Found a hide-covered altar of Uskayaw.
 12959 | D:9      | Found a sparkling altar of Nemelex Xobeh.
 13062 | D:9      | Found a basalt altar of Yredelemnul.
 13096 | D:10     | Entered Level 10 of the Dungeon
 13096 | D:10     | Identified a +0 dagger
 13096 | D:10     | Identified a +0 robe
 13096 | D:10     | Identified a +0 dagger
 13096 | D:10     | Identified a +0 robe
 13096 | D:10     | Identified a +0 flail
 13114 | D:10     | Identified a +0 club
 13114 | D:10     | Identified a +0 leather armour
 13121 | D:10     | Identified a +3 spear
 13121 | D:10     | Identified a +0 robe
 13122 | D:10     | Identified a +3 spear
 13122 | D:10     | Identified a +0 robe
 13123 | D:10     | Identified a +3 falchion
 13123 | D:10     | Identified a +0 robe
 13123 | D:10     | Identified a +0 war axe
 13123 | D:10     | Identified a +0 robe
 13133 | D:10     | Identified a +0 dagger
 13133 | D:10     | Identified a +0 robe
 13146 | D:10     | Identified a +0 mace
 13149 | D:10     | Reached skill level 7 in Fighting
 13152 | D:10     | Identified a +0 dagger
 13152 | D:10     | Identified a +0 chain mail
 13160 | D:10     | Identified a +2 halberd of protection
 13160 | D:10     | Identified a +0 plate armour
 13163 | D:10     | Identified a +0 dagger
 13163 | D:10     | Identified a +0 robe
 13172 | D:10     | Identified a +0 dagger
 13172 | D:10     | Identified a +0 robe
 13206 | D:10     | Reached ** piety under Sif Muna
 13207 | D:10     | Identified a cursed -1 flail
 13214 | D:10     | Identified a +0 mace
 13336 | D:10     | Identified a +0 dagger
 13336 | D:10     | Identified a cursed +0 hunting sling
 13338 | D:10     | Identified a cursed -3 shortbow
 13350 | D:10     | Reached skill level 8 in Transmutations
 13389 | D:10     | Identified a +0 club
 13391 | D:10     | Identified a +0 club
 13392 | D:10     | Identified a +0 lajatang
 13394 | D:10     | Identified a +0 rapier
 13406 | D:10     | Found a staircase to the Orcish Mines.
 13406 | D:10     | Identified a +1 falchion of electrocution
 13406 | D:10     | Identified a +0 ring mail
 13449 | D:10     | Identified a +0 war axe
 13454 | D:10     | Identified a +0 mace
 13454 | D:10     | Identified a +0 ring mail
 13454 | D:10     | Identified a +0 dagger
 13458 | D:10     | HP: 23/100 [orc priest/divine providence (11)]
 13465 | D:10     | Reached skill level 8 in Dodging
 13689 | D:10     | Identified a +0 chain mail
 13689 | D:10     | Identified a +0 club
 13870 | D:10     | Identified a +0 club
 14128 | D:10     | Learned a level 3 spell: Regeneration
 14680 | D:10     | Identified a ring of resist corrosion (You found it on
                  | level 10 of the Dungeon)
 14728 | D:10     | Found a staircase to the Lair.
 15050 | D:11     | Identified a +0 shortbow
 15151 | D:11     | Identified a +0 dagger
 15152 | D:11     | Identified a +0 short sword
 15152 | D:11     | Identified a +0 dagger
 15153 | D:11     | Identified a +0 short sword
 15156 | D:11     | Reached *** piety under Sif Muna
 15162 | D:11     | Reached skill level 3 in Spellcasting
 15162 | D:11     | Reached skill level 7 in Ice Magic
 15205 | D:11     | Identified a +0 morningstar
 15338 | D:11     | Identified a +0 club
 15338 | D:11     | Identified a +0 hand crossbow
 15338 | D:11     | Identified a +0 club
 15338 | D:11     | Identified a cursed +0 short sword
 15338 | D:11     | Identified a +0 whip
 15338 | D:11     | Identified a +0 short sword
 15339 | D:11     | Identified a +0 short sword
 15339 | D:11     | Identified a +0 dagger
 15339 | D:11     | Identified a +0 robe
 15340 | D:11     | Identified a +0 dagger
 15340 | D:11     | Identified a +0 short sword
 15341 | D:11     | Identified a +0 short sword
 15700 | D:11     | Identified a +1 dagger of venom
 15700 | D:11     | Identified a +0 robe
 15707 | D:11     | Identified a +0 dagger
 15707 | D:11     | Identified a +0 robe
 15718 | D:11     | Noticed a seven-headed hydra
 15946 | D:11     | Found Vuunerap's Food Shop.
 15952 | D:11     | Noticed a cyclops
 15961 | D:11     | Killed a cyclops
 15961 | D:11     | Reached XP level 12. HP: 55/92 MP: 5/17
 16158 | D:11     | Reached skill level 9 in Unarmed Combat
 16335 | Lair:1   | Entered Level 1 of the Lair of Beasts
 16344 | Lair:1   | Noticed an eight-headed hydra
 16355 | Lair:1   | Killed an eight-headed hydra
 16355 | Lair:1   | Reached skill level 1 in Charms
 16355 | Lair:1   | Reached skill level 1 in Necromancy
 16439 | Lair:1   | Identified 2 potions of might
 16440 | Lair:1   | Identified 2 potions of agility
 16441 | Lair:1   | Identified a potion of cancellation
 16442 | Lair:1   | Identified a scroll of magic mapping
 16443 | Lair:1   | Identified a scroll of fear
 16640 | Lair:1   | Noticed a six-headed hydra
 16651 | Lair:1   | Killed a six-headed hydra
 16651 | Lair:1   | Reached **** piety under Sif Muna
 16651 | Lair:1   | Reached skill level 8 in Fighting
 16756 | Lair:1   | Identified a +2 broad axe
 16756 | Lair:1   | Identified a +0 ring mail
 16756 | Lair:1   | Noticed Urug
 16771 | Lair:2   | Reached skill level 2 in Necromancy
 16872 | Lair:2   | Reached skill level 2 in Charms
 17247 | Lair:2   | Identified a +0 trident
 17259 | Lair:2   | Identified a +0 trident
 17261 | Lair:2   | Reached skill level 9 in Dodging
 17337 | Lair:2   | Reached skill level 10 in Unarmed Combat
 17583 | Lair:2   | Identified a +3 trident
 17837 | Lair:2   | Learned a level 3 spell: Mephitic Cloud
 17902 | Lair:2   | Found a white marble altar of Elyvilon.
 18148 | Lair:2   | Reached skill level 2 in Poison Magic
 18317 | Lair:2   | Identified a +0 trident
 18320 | Lair:2   | Paralysed by a merfolk siren for 7 turns
 18335 | Lair:2   | Reached skill level 1 in Conjurations
 18335 | Lair:2   | Reached skill level 1 in Air Magic
 18491 | Lair:2   | Found a staircase to the Shoals.
 18497 | Lair:2   | Identified a +0 pair of gloves (You found it on level 2 of
                  | the Lair of Beasts)
 18502 | Lair:2   | Identified a +0 hat (You found it on level 2 of the Lair of
                  | Beasts)
 18581 | Lair:2   | Found a staircase to the Snake Pit.
 18850 | Lair:3   | Reached ***** piety under Sif Muna
 18850 | Lair:3   | Identified Sif Muna's Tome of Mutagenic Slavery (Sif Muna
                  | gifted it to you on level 3 of the Lair of Beasts)
 18850 | Lair:3   | Received a gift from Sif Muna
 18856 | Lair:3   | Learned a level 1 spell: Summon Butterflies
 18983 | Lair:3   | Reached XP level 13. HP: 100/100 MP: 11/18
 19255 | Lair:3   | Reached skill level 9 in Fighting
 19640 | Lair:4   | Reached skill level 2 in Conjurations
 19647 | Lair:4   | Identified a potion of magic
 19648 | Lair:4   | Identified a potion of degeneration
 19649 | Lair:4   | Identified the cursed +2 dagger "Yczen" {drain, Int+3 Dex-4
                  | Stlth+} (You found it on level 4 of the Lair of Beasts)
 19916 | Lair:4   | Reached skill level 2 in Air Magic
 20170 | Lair:4   | Noticed a four-headed hydra
 20179 | Lair:4   | Killed a four-headed hydra
 20179 | Lair:4   | Reached skill level 11 in Unarmed Combat
 20179 | Lair:4   | Reached skill level 3 in Poison Magic
 20577 | Lair:5   | Found a dark tunnel.
 20795 | Lair:5   | Identified a +0 hand axe of draining
 20795 | Lair:5   | Identified a +0 robe
 20795 | Lair:5   | Identified a +0 war axe
 20795 | Lair:5   | Identified a +0 robe
 20796 | Lair:5   | Identified a +0 hand axe
 20796 | Lair:5   | Identified a +0 robe
 20802 | Lair:5   | HP: 28/121 [meliai/+0 hand axe of draining (5)]
 20807 | Lair:5   | HP: 12/121 [queen bee (10)]
 21190 | Lair:5   | Reached skill level 3 in Necromancy
 21295 | Lair:5   | Identified a +0 short sword of venom
 21295 | Lair:5   | Noticed Sonja
 21314 | Lair:5   | Killed Sonja
 21314 | Lair:5   | Reached skill level 3 in Conjurations
 21532 | Lair:5   | Reached skill level 3 in Air Magic
 21681 | Lair:5   | Reached skill level 3 in Charms
 22036 | Lair:5   | Identified a potion of invisibility
 22052 | Lair:5   | Reached skill level 4 in Poison Magic
 22127 | Lair:5   | Reached skill level 10 in Dodging
 22143 | Lair:5   | Found a viscous altar of Jiyva.
 22144 | Lair:5   | Found a staircase to the Slime Pits.
 22468 | Lair:6   | Entered Level 6 of the Lair of Beasts
 22592 | Lair:5   | Reached skill level 1 in Summonings
 22983 | Lair:6   | Identified Sif Muna's Almanac of Combat Magic (Sif Muna
                  | gifted it to you on level 6 of the Lair of Beasts)
 22983 | Lair:6   | Received a gift from Sif Muna
 23248 | Lair:6   | Reached XP level 14. HP: 109/109 MP: 9/19
 23382 | Lair:6   | Reached skill level 12 in Unarmed Combat
 23382 | Lair:6   | Reached skill level 4 in Spellcasting
 23980 | Lair:6   | Reached skill level 10 in Fighting
 24189 | Lair:6   | ventricule: ??blade_hands
 24189 | Lair:6   | meem: blade hands[1/3]: A potent level 5 transmutation that
                  | grants a massive increase to unarmed damage but reduces
                  | spell success, melds gloves, weapons and shields. Base
                  | damage is 22 + UC. Does not stack with claws.
 24189 | Lair:6   | ventricule: ??blade_hands[2]
 24189 | Lair:6   | meem: blade hands[2/3]: Before 0.22, also prevents wand use
                  | while active.
 24189 | Lair:6   | ventricule: ??blade_hands[3]
 24189 | Lair:6   | meem: blade hands[3/3]: If you are a felid you take a
                  | stealth penalty for having blade hands active (you walk on
                  | your paws). Flight gives the stealth back again.
 24201 | Lair:6   | Learned a level 5 spell: Blade Hands
 24333 | Lair:6   | Identified a +0 dagger
 24333 | Lair:6   | Identified a +0 robe
 24965 | Lair:6   | ventricule: ??ice_form
 24965 | Lair:6   | meem: ice form[1/2]: +20% HP, rF-, rC+++, rPois. Makes you
                  | large, which will reduce EV (for human size and smaller
                  | races). Melds all armour, but gives 5-12 AC. 12+UC base
                  | damage with freezing brand. Players in ice form can float
                  | through water, but get no aquatic bonuses and can't reach
                  | submerged items. Found in Books of Changes and Ice, L4
                  | ice/tmut.
 24968 | Lair:6   | Found a burning altar of Makhleb.
 24985 | Lair:6   | HP: 24/110 [hell beast (20)]
 25370 | Lair:1   | Identified a +3 scimitar of flaming
 25370 | Lair:1   | Identified a +0 robe
 25370 | Lair:1   | Noticed Erica
 25376 | Lair:1   | Killed Urug
 25384 | Lair:1   | Killed Erica
 25384 | Lair:1   | Reached skill level 5 in Spellcasting
 25693 | Lair:1   | Identified a potion of flight
 26501 | Lair:1   | Identified Bepnu Ruh's Handbook of Earthen Feathers (Sif
                  | Muna gifted it to you on level 1 of the Lair of Beasts)
 26501 | Lair:1   | Received a gift from Sif Muna
 26571 | Lair:1   | Reached skill level 13 in Unarmed Combat
 26717 | Lair:1   | Identified a scroll of acquirement
 26721 | Lair:1   | Got a pair of spiked boots
 26732 | Lair:1   | Identified the +2 pair of boots of the Marlin {MR+} (You
                  | acquired it on level 1 of the Lair of Beasts)
 26764 | Lair:1   | Found a glowing golden altar of the Shining One.
 27088 | Orc:1    | Entered Level 1 of the Orcish Mines
 27088 | Orc:1    | Identified a +0 giant club
 27088 | Orc:1    | Identified a cursed -1 mace
 27088 | Orc:1    | Identified a +0 plate armour
 27088 | Orc:1    | Identified a cursed +0 dagger
 27088 | Orc:1    | Identified a +0 robe
 27088 | Orc:1    | Identified a +0 club
 27088 | Orc:1    | Identified a +0 ring mail
 27088 | Orc:1    | Identified a +0 dagger
 27088 | Orc:1    | Identified a +0 leather armour
 27091 | Orc:1    | Identified a +0 dagger
 27091 | Orc:1    | Identified a +0 robe
 27092 | Orc:1    | Identified a +0 giant spiked club
 27093 | Orc:1    | Identified a +0 chain mail of magic resistance
 27166 | Orc:1    | Identified a +0 flail
 27166 | Orc:1    | Identified a +0 leather armour
 27184 | Orc:1    | Identified a +0 club
 27185 | Orc:1    | Identified a +0 hand axe
 27189 | Orc:1    | Identified a +0 troll leather armour
 27189 | Orc:1    | Reached skill level 11 in Dodging
 27190 | Orc:1    | Identified a +0 war axe
 27190 | Orc:1    | Identified a +0 giant club
 27191 | Orc:1    | Identified a +0 dagger
 27191 | Orc:1    | Identified a +0 robe
 27193 | Orc:1    | Identified a +0 dagger
 27193 | Orc:1    | Identified a +0 robe
 27424 | Orc:1    | Identified a +0 hand axe
 27424 | Orc:1    | Identified a +0 plate armour
 27428 | Orc:1    | Paralysed by an orc sorcerer for 2 turns
 27818 | Orc:2    | Entered Level 2 of the Orcish Mines
 27909 | Orc:2    | Identified a +0 mace
 27909 | Orc:2    | Identified a +0 chain mail
 27909 | Orc:2    | Identified a +0 hand axe
 27910 | Orc:2    | Identified a +0 great sword
 27910 | Orc:2    | Identified a +0 chain mail
 27911 | Orc:2    | Identified a +0 mace
 27913 | Orc:2    | Identified a +0 mace
 27914 | Orc:2    | Identified a +0 flail
 27926 | Orc:2    | Identified a cursed -3 giant club
 28100 | Orc:2    | Found a staircase to the Elven Halls.
 28142 | Orc:2    | Identified a +0 mace of protection
 28142 | Orc:2    | Identified a +0 plate armour
 28143 | Orc:2    | Identified a +0 whip
 28143 | Orc:2    | Identified a +0 hand axe
 28143 | Orc:2    | Identified a cursed +0 chain mail
 28158 | Orc:2    | Identified a +0 shortbow
 28160 | Orc:2    | Identified a +0 shortbow
 28172 | Orc:2    | Identified a +0 shortbow
 28175 | Orc:2    | Identified a +0 shortbow
 28175 | Orc:2    | Identified a +2 shortbow of velocity
 28176 | Orc:2    | Identified a +0 glaive
 28176 | Orc:2    | Identified a +0 arbalest
 28177 | Orc:2    | Identified a +0 shortbow
 28178 | Orc:2    | Identified a +0 shortbow
 28178 | Orc:2    | Identified a +0 shortbow
 28351 | Orc:2    | Reached skill level 1 in Invocations
 28351 | Orc:2    | Identified a +0 long sword
 28351 | Orc:2    | Identified a +0 chain mail
 28352 | Orc:2    | Identified a +0 battleaxe
 28352 | Orc:2    | Identified a +0 arbalest
 28526 | Orc:2    | Identified a +0 battleaxe
 28526 | Orc:2    | Identified a +0 arbalest
 28609 | Orc:2    | Identified a +0 battleaxe
 28609 | Orc:2    | Identified a +0 chain mail
 28610 | Orc:2    | Identified a +0 broad axe
 28610 | Orc:2    | Identified a +0 arbalest
 28611 | Orc:2    | Identified a +0 hand axe
 28611 | Orc:2    | Identified a +0 plate armour
 28620 | Orc:2    | Identified a +0 great mace
 28620 | Orc:2    | Identified a +0 arbalest
 28620 | Orc:2    | Identified a +0 mace
 28620 | Orc:2    | Identified a +0 arbalest
 28620 | Orc:2    | Identified a +0 shortbow
 28620 | Orc:2    | Identified a +0 hand axe
 28620 | Orc:2    | Identified a +0 arbalest
 28658 | Orc:2    | Identified a +0 hand axe
 28658 | Orc:2    | Identified a +0 arbalest
 28665 | Orc:2    | Identified a +0 mace
 28665 | Orc:2    | Identified a +0 arbalest
 28672 | Orc:2    | Identified a +0 battleaxe
 28672 | Orc:2    | Identified a +0 plate armour
 28677 | Orc:2    | Identified a +0 trident
 28677 | Orc:2    | Identified a +0 chain mail
 28850 | Orc:2    | Identified a +0 mace
 28850 | Orc:2    | Identified a +0 arbalest
 28929 | Orc:2    | Identified a +0 flail
 28929 | Orc:2    | Identified a +0 plate armour
 28987 | Orc:2    | Identified a +0 great mace
 28987 | Orc:2    | Identified a +0 arbalest
 29035 | Orc:2    | Identified a +0 great mace
 29035 | Orc:2    | Identified a +0 arbalest
 29037 | Orc:2    | Identified a +0 battleaxe
 29037 | Orc:2    | Identified a +0 arbalest
 29041 | Orc:2    | Identified a +0 broad axe
 29041 | Orc:2    | Identified a +0 arbalest
 29044 | Orc:2    | Identified a +0 battleaxe
 29044 | Orc:2    | Identified a cursed +0 arbalest
 29109 | Orc:2    | Identified a +0 glaive
 29109 | Orc:2    | Identified a +0 plate armour
 29177 | Orc:2    | Identified a +0 shortbow
 29206 | Orc:2    | Identified a +0 morningstar
 29206 | Orc:2    | Identified a +0 arbalest
 29212 | Orc:2    | Identified a +0 great mace
 29212 | Orc:2    | Identified a +4 arbalest
 29287 | Orc:2    | Identified a +0 mace
 29287 | Orc:2    | Identified a +0 arbalest
 29294 | Orc:2    | Identified a +0 hand axe
 29294 | Orc:2    | Identified a +0 arbalest
 29297 | Orc:2    | Identified a +0 glaive
 29297 | Orc:2    | Identified a +0 arbalest
 29415 | Orc:2    | Identified a +0 halberd
 29415 | Orc:2    | Identified a +0 chain mail
 29655 | Orc:2    | Found Parhaa's General Store.
 29655 | Orc:2    | Found Cycas's Food Shop.
 29657 | Orc:2    | Found Usteag's Book Boutique.
 29659 | Orc:2    | Found Nukusiozu's Armour Emporium.
 29671 | Orc:2    | Bought the +0 pair of gloves of Ruroukhu {rElec rN++ Int+5
                  | Dex-2} for 494 gold pieces
 29683 | Orc:2    | Bought a +2 leather armour of fire resistance for 266 gold
                  | pieces
 29807 | Orc:2    | Found a bloodstained altar of Trog.
 30062 | Orc:1    | Identified a +0 halberd
 30062 | Orc:1    | Identified a +0 plate armour
 30062 | Orc:1    | Identified a +0 dagger
 30062 | Orc:1    | Identified a +0 trident
 30062 | Orc:1    | Identified a +0 leather armour
 30062 | Orc:1    | Identified a +0 flail
 30062 | Orc:1    | Identified a +0 dagger
 30064 | Orc:1    | Identified a +0 trident
 30064 | Orc:1    | Identified a +0 chain mail
 30073 | Orc:1    | Reached XP level 15. HP: 117/117 MP: 7/23
 30532 | Snake:1  | Entered Level 1 of the Snake Pit
 30537 | Snake:1  | Reached skill level 2 in Invocations
 30611 | Snake:1  | Identified a +0 dire flail
 30686 | Snake:1  | Identified a +3 glaive
 30969 | Snake:1  | Identified a +0 glaive
 30983 | Snake:1  | Identified a +0 robe
 30983 | Snake:1  | Noticed Jorgrun
 31157 | Snake:1  | Killed Jorgrun
 31157 | Snake:1  | Reached skill level 1 in Throwing
 31157 | Snake:1  | Reached skill level 1 in Armour
 31425 | Snake:1  | Identified a +0 short sword
 31425 | Snake:1  | Identified a +0 robe
 31525 | Snake:1  | Identified a +0 flail
 31587 | Snake:1  | Identified a +0 flail
 31587 | Snake:1  | Identified a +0 arbalest
 31587 | Snake:1  | Identified a +0 robe
 31774 | Elf:1    | Entered Level 1 of the Elven Halls
 31774 | Elf:1    | Identified a +0 long sword
 31892 | Elf:1    | Identified a cursed -3 long sword
 31893 | Elf:1    | Identified a cursed +0 rapier
 31896 | Elf:1    | Identified a +0 short sword
 31896 | Elf:1    | Identified a +0 leather armour
 31898 | Elf:1    | Identified a +0 long sword
 31898 | Elf:1    | Identified a +0 chain mail
 31902 | Elf:1    | Identified a +0 rapier
 31902 | Elf:1    | Identified a +0 dagger
 31902 | Elf:1    | Identified a +0 leather armour
 31903 | Elf:1    | Identified a cursed -2 longbow
 31903 | Elf:1    | Identified a +0 leather armour
 31905 | Elf:1    | Identified a +0 long sword
 31905 | Elf:1    | Identified a +0 ring mail
 31921 | Elf:1    | Identified Sif Muna's Handbook of Helpful Snow (Sif Muna
                  | gifted it to you on level 1 of the Elven Halls)
 31921 | Elf:1    | Received a gift from Sif Muna
 31934 | Elf:1    | Reached skill level 2 in Throwing
 31934 | Elf:1    | Reached skill level 2 in Armour
 31934 | Elf:1    | Reached skill level 3 in Invocations
 31937 | Elf:1    | Reached skill level 11 in Fighting
 32172 | Elf:1    | Identified Sireuvubb's Tome of Love and Death
 32224 | Elf:1    | Identified a +3 long sword of holy wrath
 32256 | Elf:1    | Identified a +0 rapier
 32306 | Elf:1    | Identified a scroll of silence
 32396 | Elf:1    | Identified a +0 short sword
 32396 | Elf:1    | Identified a +0 scale mail
 32442 | Elf:1    | Identified a +0 dagger
 32442 | Elf:1    | Identified a +0 leather armour
 32678 | Elf:1    | Identified a +0 scimitar
 32678 | Elf:1    | Identified a +0 shortbow
 33005 | Elf:1    | Identified a +0 long sword
 33005 | Elf:1    | Identified a +0 robe
 33101 | Elf:1    | Identified a +0 short sword
 33101 | Elf:1    | Identified a +0 shortbow
 33237 | Elf:1    | Identified a cursed -2 rapier
 33388 | Elf:2    | Identified a +0 long sword
 33398 | Elf:2    | Reached skill level 4 in Charms
 33481 | Elf:2    | Identified a +7 vampiric halberd
 33488 | Elf:2    | Reached skill level 14 in Unarmed Combat
 33659 | Elf:2    | Identified a +0 long sword
 33779 | Elf:2    | Identified a +0 morningstar of draining
 33781 | Elf:2    | Identified a +0 short sword
 33781 | Elf:2    | Identified a +3 chain mail
 33781 | Elf:2    | Identified a +0 buckler
 33793 | Elf:2    | Reached skill level 4 in Air Magic
 33984 | Elf:2    | Identified a +0 long sword
 34070 | Elf:2    | Identified a +2 dagger of pain
 34281 | Elf:2    | Identified a +5 war axe of electrocution
 34377 | Elf:2    | Identified a +0 dagger
 34377 | Elf:2    | Identified a +0 shortbow
 34377 | Elf:2    | Identified a +0 leather armour
 34378 | Elf:2    | Identified a +0 long sword
 34378 | Elf:2    | Identified a +0 leather armour
 34378 | Elf:2    | Identified a +0 short sword
 34378 | Elf:2    | Identified a +0 scale mail
 34383 | Elf:2    | Identified a +0 short sword
 34383 | Elf:2    | Identified a +0 leather armour
 34383 | Elf:2    | Identified a +0 buckler
 34383 | Elf:2    | Identified a +0 short sword
 34383 | Elf:2    | Identified a +0 leather armour
 34456 | Elf:2    | Identified a +0 dagger
 34456 | Elf:2    | Identified a +0 longbow
 34456 | Elf:2    | Identified a +3 leather armour
 34642 | Elf:2    | Identified an uncursed ring of magical power
 34660 | Elf:2    | Identified a +1 scimitar of slicing
 34842 | Elf:2    | Identified a scroll of brand weapon
 34915 | Elf:2    | Identified a +0 short sword
 34916 | Elf:2    | Identified a +0 dagger
 34916 | Elf:2    | Identified a +0 ring mail
 34916 | Elf:2    | Identified a +0 short sword
 34916 | Elf:2    | Identified a +0 ring mail
 34930 | Elf:2    | Reached skill level 6 in Spellcasting
 35013 | Elf:2    | Identified a +0 dagger
 35013 | Elf:2    | Identified a +0 shortbow
 35013 | Elf:2    | Identified a +0 leather armour
 35070 | Elf:2    | Identified a +0 long sword
 35132 | Elf:2    | Identified a +1 glaive of chopping
 35270 | Elf:2    | Identified a +0 long sword
 35270 | Elf:2    | Identified a +0 ring mail
 35395 | Elf:2    | Identified a +0 falchion
 35395 | Elf:2    | Identified a +6 dagger
 35395 | Elf:2    | Identified a +0 falchion
 35401 | Elf:2    | Identified a +3 dagger
 35405 | Elf:2    | Reached skill level 5 in Charms
 35405 | Elf:2    | Reached XP level 16. HP: 113/126 MP: 16/25
 35432 | Elf:2    | Learned a level 6 spell: Deflect Missiles
 35463 | Elf:2    | Found a large runed translucent door.
 35463 | Elf:2    | Found a large runed translucent door.
 35487 | Elf:2    | Found a large runed translucent door.
 35487 | Elf:2    | Found a large runed translucent door.
 35568 | Elf:2    | Identified a +0 long sword
 35568 | Elf:2    | Identified a +0 ring mail
 35576 | Elf:2    | Reached skill level 5 in Air Magic
 35749 | Elf:3    | Entered Level 3 of the Elven Halls
 35817 | Elf:3    | Identified a +0 short sword
 35873 | Elf:3    | Found Zyfez's Antique Weapon Shop.
 36000 | Elf:3    | Identified a +0 dagger
 36000 | Elf:3    | Identified a +0 leather armour
 36213 | Elf:3    | Identified a +3 dagger
 36233 | Elf:3    | Reached skill level 12 in Dodging
 36281 | Elf:3    | Identified a +0 short sword
 36281 | Elf:3    | Identified a +0 shortbow
 36281 | Elf:3    | Identified a +0 leather armour
 36363 | Elf:3    | Identified a +0 long sword
 36374 | Elf:3    | Identified a +4 mace of distortion
 36590 | D:12     | Identified a +0 dagger
 36594 | D:12     | Identified a +0 dagger
 36595 | D:12     | Identified a +0 dagger
 36603 | D:12     | Identified Sif Muna's Grimoire of the Frostbite (Sif Muna
                  | gifted it to you on level 12 of the Dungeon)
 36603 | D:12     | Received a gift from Sif Muna
 36604 | D:12     | Identified a +2 shortbow of freezing
 36644 | D:12     | Learned a level 3 spell: Ozocubu's Armour
 36693 | D:12     | Identified a +0 shortbow
 36712 | D:12     | Found a frozen archway.
 36721 | D:12     | Identified a +0 whip
 36722 | IceCv    | Entered an ice cave
 37242 | IceCv    | Identified a +2 battleaxe of freezing
 37242 | IceCv    | Noticed a frost giant
 37258 | IceCv    | Killed a frost giant
 37389 | IceCv    | Identified a ring of ice (You found it in an ice cave)
 37777 | D:12     | Identified a +0 mace
 37777 | D:12     | Identified a +0 leather armour
 37842 | D:12     | Found a radiant altar of Vehumet.
 37850 | D:12     | Identified a +0 hand axe
 37850 | D:12     | Identified a +0 plate armour
 37852 | D:12     | Identified a +3 mace
 37853 | D:12     | ventricule: ??inscribe
 37853 | D:12     | meem: inscription[1/4]: !w to prompt before
                  | 'w'ielding/unwielding. Same format for 'a'ttacking,
                  | 'd'ropping, 'e'ating, 'q'uaffing, 'r'eading, 'f'iring,
                  | 'W'earing/'T'aking off armour, 'P'utting on/'R'emoving
                  | jewellery, e'v'oking, 'Q'uivering, 'D'estroying, '*'all.
 37853 | D:12     | ventricule: ??inscribe[2]
 37853 | D:12     | meem: inscription[2/4]: !p / =p prompts before sacrificing
                  | stack / item. =g enables autopickup. =k ignores item on
                  | ground. =s creates stack. =f removes item from quiver
                  | cycling; \+f includes it.
 37853 | D:12     | ventricule: ??inscribe[3]
 37853 | D:12     | meem: inscription[3/4]: Shortcut inscriptions look like
                  | @w1, with a letter for the command type as in
                  | inscription[1] and a number 1-9.
 37853 | D:12     | ventricule: ??inscribe[4]
 37853 | D:12     | meem: inscription[4/4]: try ?5 ingame.
 37853 | D:12     | Identified a +1 short sword of speed
 37854 | D:12     | Identified a +0 dagger
 37854 | D:12     | Identified a +0 robe
 37888 | D:12     | Identified a +0 troll leather armour
 37888 | D:12     | Reached skill level 6 in Air Magic
 38005 | D:12     | Identified a +0 hand axe
 38005 | D:12     | Identified a +0 ring mail
 38008 | D:12     | Identified a +0 halberd
 38008 | D:12     | Identified a +0 plate armour
 38034 | D:12     | Identified a +0 dagger
 38034 | D:12     | Identified a +0 robe
 38034 | D:12     | Identified an uncursed ring of see invisible
 38044 | D:12     | Identified a +0 trident
 38048 | D:12     | Identified a +0 mace
 38048 | D:12     | Identified a +0 leather armour
 38176 | D:12     | Identified Sif Muna's Compendium of Lightness and Hexes
                  | (Sif Muna gifted it to you on level 12 of the Dungeon)
 38176 | D:12     | Received a gift from Sif Muna
 38184 | D:12     | Reached skill level 7 in Spellcasting
 38194 | D:12     | Identified a +0 dagger
 38194 | D:12     | Identified a +0 robe
 38241 | D:12     | Identified a +0 leather armour
 38244 | D:12     | Identified a +0 ring mail
 38247 | D:12     | Identified a +0 shortbow
 38250 | D:12     | Identified a +0 whip
 38250 | D:12     | Identified a +0 shortbow
 38251 | D:12     | Identified a +0 shortbow
 38415 | D:12     | Identified a +0 dagger
 38415 | D:12     | Identified a +0 robe
 38425 | D:12     | Identified a +0 dagger
 38425 | D:12     | Identified a +0 robe
 38429 | D:12     | Identified a +0 hand axe
 38429 | D:12     | Identified a +0 ring mail
 38432 | D:12     | Identified a +0 club
 38454 | D:12     | Identified a +0 flail
 38455 | D:12     | Identified a +0 mace
 38455 | D:12     | Identified a cursed +0 leather armour
 38457 | D:12     | Identified a +0 dagger
 38457 | D:12     | Identified a cursed +0 robe
 38458 | D:12     | Identified a +0 flail
 38458 | D:12     | Identified a +0 leather armour
 38698 | D:13     | Identified a +0 troll leather armour
 38706 | D:13     | Identified a scroll of holy word
 38723 | D:13     | Identified a +0 longbow
 38832 | D:13     | Identified a +0 giant club
 38832 | D:13     | Identified a +0 giant spiked club
 38841 | D:13     | Reached skill level 4 in Invocations
 38851 | D:13     | Identified a +0 ring mail
 38873 | D:13     | Identified a +0 shortbow
 38929 | D:13     | Reached skill level 12 in Fighting
 38986 | D:13     | Identified a +0 mace
 38986 | D:13     | Identified a +0 robe
 38989 | D:13     | Identified a +0 giant club
 38989 | D:13     | Identified a +0 giant club
 39041 | D:13     | Identified a +3 longbow of flaming
 39041 | D:13     | Identified a +0 centaur barding
 39041 | D:13     | Noticed Nessos
 39057 | D:13     | Killed Nessos
 39127 | D:13     | Found a gate to the Vaults.
 39131 | D:13     | Identified a +1 morningstar of crushing
 39131 | D:13     | Identified a +0 leather armour
 39133 | D:13     | Identified a +0 troll leather armour
 39356 | D:13     | Identified a +0 dagger
 39356 | D:13     | Identified a +0 leather armour
 39356 | D:13     | Identified a +0 falchion
 39356 | D:13     | Identified a +0 chain mail
 39357 | D:13     | Identified a +0 club
 39357 | D:13     | Identified a +0 leather armour
 39357 | D:13     | Identified a +1 dagger of draining
 39490 | D:13     | Found a sacrificial altar of Ru.
 39643 | D:13     | Identified a +1 dagger of flaming
 39643 | D:13     | Identified a +0 robe of resistance
 39689 | D:13     | Identified a +0 short sword
 39689 | D:13     | Identified a +0 dagger
 39690 | D:13     | Identified a +0 short sword
 39691 | D:13     | Identified a +0 whip
 39855 | D:14     | Identified a +0 giant club
 40039 | D:14     | Identified a +0 hunting sling
 40080 | D:14     | Reached XP level 17. HP: 133/133 MP: 16/28
 40145 | D:14     | Identified a +0 dagger
 40145 | D:14     | Identified a +0 robe
 40153 | D:14     | Received a gift from Sif Muna
 40153 | D:14     | Reached skill level 5 in Invocations
 40172 | D:14     | Learned a level 6 spell: Statue Form
 40220 | D:14     | Identified a +2 scimitar of flaming
 40222 | D:14     | Reached skill level 1 in Earth Magic
 40780 | D:15     | Entered Level 15 of the Dungeon
 40785 | D:15     | Reached skill level 2 in Earth Magic
 40840 | D:15     | Identified a +0 shortbow
 40852 | D:15     | Identified a +0 arbalest
 40861 | D:15     | Identified a +0 arbalest
 40869 | D:15     | Reached skill level 3 in Earth Magic
 40870 | D:15     | Found a staircase to the Depths.
 40944 | D:15     | Identified a +0 shortbow
 40945 | D:15     | Identified a +0 shortbow
 40945 | D:15     | Identified a +0 shortbow
 40945 | D:15     | Identified a +0 shortbow
 40945 | D:15     | Identified a +0 shortbow
 40946 | D:15     | Identified a +0 shortbow
 40958 | D:15     | Identified a +3 scimitar of flaming
 40978 | D:15     | Identified a +0 dagger
 40978 | D:15     | Identified a +0 robe
 40991 | D:15     | Reached skill level 9 in Transmutations
 41192 | D:15     | Identified a +1 long sword
 41192 | D:15     | Identified a +0 war axe
 41193 | D:15     | Identified a +0 scimitar
 41214 | D:15     | Reached skill level 4 in Earth Magic
 41278 | D:15     | Identified a +0 dagger
 41278 | D:15     | Identified a +0 robe
 41279 | D:15     | Identified a +0 war axe
 41279 | D:15     | Identified a +0 arbalest
 41279 | D:15     | Identified a +0 chain mail
 41279 | D:15     | Identified a +0 dagger
 41279 | D:15     | Identified a +0 robe
 41279 | D:15     | Identified a +0 giant club
 41279 | D:15     | Identified a +0 giant club
 41279 | D:15     | Identified a +1 dagger of venom
 41279 | D:15     | Identified a +0 robe
 41279 | D:15     | Identified a +0 giant club
 41279 | D:15     | Identified a +0 giant club
 41291 | D:15     | Identified a +0 flail
 41291 | D:15     | Identified a cursed +0 robe
 41291 | D:15     | Identified a +0 giant club
 41291 | D:15     | Identified a +0 giant spiked club
 41297 | D:15     | Identified a +0 giant spiked club
 41297 | D:15     | Identified a +0 giant club
 41298 | D:15     | Identified a +0 shortbow
 41302 | D:15     | Identified a +0 giant club
 41302 | D:15     | Identified a +0 giant club
 41302 | D:15     | Identified a +0 giant club
 41313 | D:15     | Reached skill level 5 in Earth Magic
 41325 | D:15     | HP: 31/159 [two-headed ogre/+0 giant spiked club (14)]
 41332 | D:15     | HP: 20/159 [ogre/+0 giant club (26)]
 41718 | D:15     | Identified a scroll of vulnerability
 41721 | D:15     | Identified a +0 giant club
 41721 | D:15     | Identified a +0 giant spiked club
 41747 | D:15     | Identified a +2 long sword of holy wrath
 41747 | D:15     | Identified a cursed +0 leather armour
 41747 | D:15     | Identified a +0 buckler of resistance
 41872 | D:15     | Reached skill level 6 in Earth Magic
 41947 | D:15     | Identified a +0 arbalest
 41968 | D:15     | Identified a +4 dagger of chaos
 41971 | D:15     | Identified a +0 spear of chaos
 41986 | D:15     | Identified a +0 dagger of chaos
 42012 | D:15     | Noticed Kirke
 42022 | D:15     | Killed Kirke
 42033 | D:15     | Found a shimmering altar of Xom.
 42092 | D:15     | Identified a +0 long sword
 42092 | D:15     | Identified a +0 robe
 42093 | D:15     | Identified a cursed +3 flail
 42093 | D:15     | Identified a +0 robe
 42093 | D:15     | Identified a +0 dire flail
 42093 | D:15     | Identified a +0 robe
 42093 | D:15     | Identified a cursed +2 scimitar of slicing
 42093 | D:15     | Identified a +0 robe
 42680 | Snake:1  | Identified a +0 war axe
 42697 | Snake:1  | Identified a +2 short sword of venom
 42697 | Snake:1  | Identified a +0 longbow
 43097 | Snake:1  | Reached skill level 7 in Earth Magic
 43172 | Snake:1  | Identified a +0 hand axe
 43172 | Snake:1  | Identified a +0 large shield
 43222 | Snake:1  | Identified a +0 dire flail
 43222 | Snake:1  | Identified a +0 arbalest
 43291 | Snake:1  | Identified a +2 dire flail of protection
 43291 | Snake:1  | Identified a +3 longbow
 43423 | Snake:1  | Identified a +0 short sword
 43426 | Snake:1  | Identified a +0 halberd of venom
 43622 | Snake:1  | Reached skill level 10 in Transmutations
 43664 | Snake:1  | Identified a +0 dagger of venom
 43664 | Snake:1  | Identified a +0 robe
 44019 | Snake:1  | Identified a +0 dire flail
 44035 | Snake:1  | Identified a +1 scimitar of holy wrath
 44074 | Snake:1  | Identified a +3 scimitar
 44074 | Snake:1  | Identified a +0 longbow
 44077 | Snake:1  | Reached skill level 8 in Earth Magic
 44087 | Snake:1  | Received a gift from Sif Muna
 44161 | Snake:1  | Identified a +3 dagger of venom
 44161 | Snake:1  | Identified a +0 robe
 44292 | Snake:1  | Identified a +0 war axe of draining
 44292 | Snake:1  | Identified a +0 arbalest
 44293 | Snake:1  | Identified a +0 trident of protection
 44293 | Snake:1  | Identified a +0 arbalest
 44341 | Snake:1  | Identified a +0 long sword
 45005 | Snake:2  | Identified a +0 dire flail
 45005 | Snake:2  | Identified a +0 shortbow
 45005 | Snake:2  | Identified a +0 robe
 45006 | Snake:2  | Identified a +0 glaive
 45006 | Snake:2  | Identified a +0 hand axe
 45006 | Snake:2  | Identified a +0 shortbow
 45011 | Snake:2  | Identified a +0 war axe
 45011 | Snake:2  | Identified a -1 arbalest
 45175 | Snake:2  | Identified a +4 spear
 45175 | Snake:2  | Identified a +0 spear
 45178 | Snake:2  | Identified a +0 shortbow of flaming
 45185 | Snake:2  | Identified a +0 quarterstaff
 45185 | Snake:2  | Identified a +0 robe
 45462 | Snake:1  | ventricule: ??statue form
 45462 | Snake:1  | meem: statue form[1/2]: Grants 17 + pow/10 AC, +30% HP.
                  | Makes you take 50% more time to take any action, like the
                  | slow spell. Melds gloves, boots, bardings, and body armour.
                  | Provides rElec, rN+, 50% rTorm, rRot+, and poison immunity.
                  | 12 + unarmed_skill base unarmed damage and 50% bonus on all
                  | melee. Gargoyles can't cast this spell.
 45462 | Snake:1  | ventricule: ??statue form[2]
 45462 | Snake:1  | meem: statue form[2/2]: Gives plate armour GDR, halves
                  | damage from torment and gives rotting resistance. Prior to
                  | 0.16, gargoyles get 4 less AC than other races in statue
                  | form (and still lose all of their innate AC)! In 0.16 and
                  | later, gargoyles can't cast it at all. Makes you take extra
                  | damage from shatter, but you knew that already.
 45840 | Snake:2  | Identified a +0 glaive
 45847 | Snake:1  | Reached skill level 9 in Earth Magic
 45955 | Snake:2  | Reached XP level 18. HP: 140/140 MP: 16/29
 45963 | Snake:2  | Identified a +0 short sword
 46026 | Snake:2  | Identified a +0 flail
 46026 | Snake:2  | Identified a +0 shortbow
 46066 | Snake:2  | Identified a +0 dire flail
 46068 | Snake:2  | Identified a +0 battleaxe of chopping
 46068 | Snake:2  | Identified a +0 arbalest
 46068 | Snake:2  | Identified a +0 robe
 46077 | Snake:2  | Identified a +0 dire flail
 46093 | Snake:2  | Identified a +0 dagger of venom
 46093 | Snake:2  | Identified a +0 robe
 46102 | Snake:2  | Identified a +0 short sword of protection
 46102 | Snake:2  | Identified a +0 arbalest
 46102 | Snake:2  | Identified a +0 robe
 46107 | Snake:2  | Identified a +0 dire flail
 46107 | Snake:2  | Identified a cursed +0 robe
 46109 | Snake:2  | Identified a +0 scimitar
 46109 | Snake:2  | Identified a +0 robe
 46221 | Snake:2  | Reached skill level 3 in Throwing
 46321 | Snake:2  | Identified a +0 glaive
 46321 | Snake:2  | Identified a -1 arbalest
 46322 | Snake:2  | Identified a +0 mace
 46322 | Snake:2  | Identified a +0 longbow
 46323 | Snake:2  | Identified a +0 halberd
 46329 | Snake:2  | Identified a +0 short sword
 46329 | Snake:2  | Identified a +0 longbow
 46333 | Snake:2  | Identified a +0 halberd
 46333 | Snake:2  | Identified a +0 shortbow
 46337 | Snake:2  | Identified a +0 hand axe
 46337 | Snake:2  | Identified a +0 robe
 46342 | Snake:2  | Identified a +0 war axe
 46342 | Snake:2  | Identified a +0 shortbow
 46342 | Snake:2  | Identified a +0 robe
 46473 | Snake:2  | Identified a +0 halberd of chopping
 46558 | Snake:2  | Identified a +0 long sword
 46558 | Snake:2  | Identified a +2 shortbow of flaming
 46611 | Snake:2  | Identified a +0 halberd
 46627 | Snake:2  | Identified a +0 halberd
 46627 | Snake:2  | Identified a cursed +0 robe
 46633 | Snake:2  | Identified a +0 battleaxe
 46634 | Snake:2  | Identified a cursed -3 war axe
 46634 | Snake:2  | Identified a +0 robe
 46634 | Snake:2  | Identified a +0 long sword
 46684 | Snake:2  | Identified a +4 trident
 46684 | Snake:2  | Identified a +0 robe
 46684 | Snake:2  | Identified a cursed +0 glaive
 46695 | Snake:2  | Identified a +0 dagger of venom
 46695 | Snake:2  | Identified a +0 robe
 46707 | Snake:2  | Reached skill level 10 in Earth Magic
 46713 | Snake:2  | Reached skill level 1 in Evocations
 47019 | Snake:3  | Identified a +0 flail
 47019 | Snake:3  | Identified a +0 robe
 47035 | Snake:3  | Identified a +0 shortbow of flaming
 47056 | Snake:3  | Identified a potion of resistance
 47057 | Snake:3  | Identified a scroll of summoning
 47108 | Snake:3  | Identified a +2 dagger of venom
 47108 | Snake:3  | Identified a +0 robe
 47111 | Snake:3  | Reached skill level 11 in Transmutations
 47116 | Snake:3  | Identified a +0 hand axe
 47116 | Snake:3  | Identified a +0 robe
 47125 | Snake:3  | Reached skill level 15 in Unarmed Combat
 47193 | Snake:3  | Identified a +0 battleaxe
 47193 | Snake:3  | Identified a +0 longbow
 47193 | Snake:3  | Identified a +0 war axe
 47276 | Snake:3  | Identified a +0 whip
 47276 | Snake:3  | Identified a +0 robe
 47277 | Snake:3  | Identified a +0 scimitar
 47277 | Snake:3  | Identified a +0 arbalest
 47277 | Snake:3  | Identified a +0 robe
 47279 | Snake:3  | Identified a +0 flail
 47280 | Snake:3  | Noticed Zoimialu's ghost (adept OpWz)
 47280 | Snake:3  | Identified a +0 broad axe
 47280 | Snake:3  | Identified a +0 robe
 47280 | Snake:3  | Identified a +0 shield
 47280 | Snake:3  | Identified a +0 spear
 47282 | Snake:3  | Found a transporter.
 47301 | Snake:3  | Found a transporter.
 47552 | Snake:3  | Identified a +4 dagger of venom
 47552 | Snake:3  | Identified a +0 robe
 47561 | Snake:3  | Reached skill level 4 in Throwing
 47658 | Snake:3  | Identified a +0 scimitar
 47658 | Snake:3  | Identified a +0 arbalest
 47658 | Snake:3  | Identified a +0 robe
 47665 | Snake:3  | Identified a +0 scimitar
 47665 | Snake:3  | Identified a +0 arbalest
 47728 | Snake:3  | Identified a +2 pair of gloves (You found it on level 3 of
                  | the Snake Pit)
 47787 | Snake:4  | Entered Level 4 of the Snake Pit
 47793 | Snake:4  | Identified a +0 trident
 47802 | Snake:4  | Identified a +0 short sword
 47804 | Snake:4  | Identified a +0 hand axe
 47805 | Snake:4  | Identified a +0 long sword
 47806 | Snake:4  | Identified Sif Muna's Guide on Damaging Dark Arts (Sif Muna
                  | gifted it to you on level 4 of the Snake Pit)
 47806 | Snake:4  | Received a gift from Sif Muna
 47813 | Snake:4  | Identified a +0 mace
 47839 | Snake:4  | Identified a scroll of immolation
 47894 | Snake:4  | Identified a +0 hand axe
 47903 | Snake:4  | Reached skill level 2 in Evocations
 47911 | Snake:4  | Paralysed by miscasting Deflect Missiles for 4 turns
 48020 | Snake:4  | Identified a +0 war axe
 48020 | Snake:4  | Identified a +0 shortbow
 48074 | Snake:4  | Identified a +0 war axe
 48085 | Snake:4  | Identified a +0 war axe
 48088 | Snake:4  | Identified a +0 long sword
 48089 | Snake:4  | Identified a +0 long sword
 48089 | Snake:4  | Identified a +0 robe
 48151 | Snake:4  | Identified a +0 battleaxe
 48151 | Snake:4  | Identified a +0 robe
 48151 | Snake:4  | Identified a +0 whip of electrocution
 48163 | Snake:4  | Identified a +0 hand axe
 48163 | Snake:4  | Identified a +0 longbow
 48166 | Snake:4  | Identified a -1 dire flail
 48166 | Snake:4  | Identified a +0 arbalest
 48166 | Snake:4  | Identified a +0 robe
 48167 | Snake:4  | Identified a +0 scimitar of venom
 48167 | Snake:4  | Identified a +0 robe
 48178 | Snake:4  | Identified a +0 flail
 48178 | Snake:4  | Identified a +0 robe
 48186 | Snake:4  | Identified a +0 war axe
 48189 | Snake:4  | Identified a +0 halberd
 48190 | Snake:4  | Reached skill level 13 in Dodging
 48194 | Snake:4  | Identified a +0 long sword
 48194 | Snake:4  | Identified a +1 arbalest of freezing
 48194 | Snake:4  | Identified a +0 robe
 48194 | Snake:4  | Identified a +0 scimitar
 48194 | Snake:4  | Identified a +0 robe
 48194 | Snake:4  | Identified a +3 spear
 48194 | Snake:4  | Identified a +0 trident of protection
 48194 | Snake:4  | Identified a +0 spear
 48209 | Snake:4  | Reached skill level 6 in Invocations
 48223 | Snake:4  | HP: 41/183 [salamander/+0 spear (6)]
 48525 | Snake:4  | Identified a +0 flail
 48525 | Snake:4  | Identified a +0 shortbow
 48607 | Snake:4  | Identified a +0 hand axe
 48609 | Snake:4  | Identified a +0 long sword
 48609 | Snake:4  | Identified a +0 robe
 48609 | Snake:4  | Identified a +0 halberd
 48609 | Snake:4  | Identified a +0 robe
 48609 | Snake:4  | Identified a +0 trident
 48609 | Snake:4  | Identified a +0 robe
 48609 | Snake:4  | Identified a +0 shield
 48610 | Snake:4  | Identified a +0 mace
 48610 | Snake:4  | Identified a +0 robe
 48620 | Snake:4  | Identified a +0 spear
 48633 | Snake:4  | Reached skill level 3 in Evocations
 48635 | Snake:4  | Identified a +0 mace
 48648 | Snake:4  | Identified a +0 whip
 48648 | Snake:4  | Identified a +0 robe
 48659 | Snake:4  | Identified a +0 spear
 48659 | Snake:4  | Identified a +0 robe
 48659 | Snake:4  | Identified a +0 war axe
 48659 | Snake:4  | Identified a +0 robe
 48661 | Snake:4  | Identified a +0 club
 48661 | Snake:4  | Identified a +0 club
 48684 | Snake:4  | Reached XP level 19. HP: 147/147 MP: 22/30
 48896 | Snake:4  | Learned a level 4 spell: Summon Lightning Spire
 48936 | Snake:4  | Identified a +0 long sword of holy wrath
 48937 | Snake:4  | Identified a +2 shortbow of flaming
 48938 | Snake:4  | Identified a +0 trident
 48938 | Snake:4  | Identified a +0 shield
 48939 | Snake:4  | Identified a +0 morningstar
 48944 | Snake:4  | Identified a +0 quarterstaff
 48944 | Snake:4  | Identified a +0 robe
 49074 | Snake:4  | Identified a +2 dire flail of venom
 49074 | Snake:4  | Identified a +0 robe
 49074 | Snake:4  | Identified an uncursed ring of protection from fire
 49165 | Snake:4  | Identified a +1 whip of flaming
 49165 | Snake:4  | Identified a +0 robe
 49184 | Snake:4  | Identified a +0 long sword
 49184 | Snake:4  | Identified a +0 shield
 49197 | Snake:4  | Identified a +0 dire flail
 49200 | Snake:4  | Identified a +2 whip of pain
 49200 | Snake:4  | Identified a +0 robe
 49202 | Snake:4  | Identified a +0 hand axe
 49203 | Snake:4  | Identified a +0 short sword
 49210 | Snake:4  | Reached skill level 8 in Spellcasting
 49217 | Snake:4  | Identified a +3 war axe of electrocution
 49217 | Snake:4  | Identified a +0 robe
 49223 | Snake:4  | Identified a +0 halberd
 49244 | Snake:4  | Identified a +0 scimitar
 49438 | Snake:4  | Identified a cursed -2 club
 49438 | Snake:4  | Identified a +0 robe
 49441 | Snake:4  | Identified a +0 halberd
 49441 | Snake:4  | Identified a +0 robe
 49442 | Snake:4  | Identified a +0 long sword
 49444 | Snake:4  | Identified a +0 glaive
 49444 | Snake:4  | Identified a +0 robe
 49452 | Snake:4  | Identified a +0 short sword
 49452 | Snake:4  | Identified a +0 robe
 49456 | Snake:4  | Reached skill level 5 in Throwing
 49472 | Snake:4  | Identified a cursed -1 scimitar
 49507 | Snake:4  | Identified a +0 halberd
 49509 | Snake:4  | Identified a +0 battleaxe
 49510 | Snake:4  | Identified a +0 short sword
 49510 | Snake:4  | Identified a +0 robe
 49517 | Snake:4  | Identified a +0 mace
 49517 | Snake:4  | Identified a +0 robe
 49519 | Snake:4  | Identified a +2 flail of holy wrath
 49520 | Snake:4  | Identified a +0 war axe
 49523 | Snake:4  | Identified a +0 mace
 49551 | Snake:4  | Identified a +1 halberd of protection
 49555 | Snake:4  | Identified a +0 short sword
 49555 | Snake:4  | Identified a +0 longbow
 49565 | Snake:4  | Identified a +0 halberd
 49565 | Snake:4  | Identified a +0 robe
 49579 | Snake:4  | Identified a +1 dagger of venom
 49579 | Snake:4  | Identified a +0 robe
 49579 | Snake:4  | Identified a +0 flail
 49579 | Snake:4  | Identified a +0 battleaxe
 49579 | Snake:4  | Identified a +0 robe
 49579 | Snake:4  | Identified a +0 spear
 49579 | Snake:4  | Identified a +0 robe
 49581 | Snake:4  | Identified a +0 mace of venom
 49581 | Snake:4  | Identified a +0 arbalest
 49583 | Snake:4  | Identified a +0 halberd
 49583 | Snake:4  | Identified a +0 robe
 49584 | Snake:4  | Identified a +0 scimitar
 49589 | Snake:4  | Identified a +4 dagger of venom
 49589 | Snake:4  | Identified a +0 robe
 49591 | Snake:4  | Identified a +0 robe
 49593 | Snake:4  | Reached skill level 2 in Summonings
 49594 | Snake:4  | Identified a +0 dagger of venom
 49594 | Snake:4  | Identified a +0 robe
 49607 | Snake:4  | Identified a +0 whip
 49607 | Snake:4  | Identified a +0 robe
 49610 | Snake:4  | Identified a +0 dire flail
 49610 | Snake:4  | Identified a +0 battleaxe
 49610 | Snake:4  | Identified a +0 arbalest
 49874 | Snake:4  | Received a gift from Sif Muna
 49875 | Snake:4  | Identified a +0 short sword
 49919 | Snake:4  | Identified a +0 halberd
 49919 | Snake:4  | Identified a +0 shortbow
 49925 | Snake:4  | Identified a +0 hand axe
 49956 | Snake:4  | Identified a +0 scimitar
 49969 | Snake:4  | Identified a +0 mace
 49969 | Snake:4  | Identified a +0 robe of cold resistance
 49969 | Snake:4  | Identified a cursed +0 shield
 49992 | Snake:4  | Identified a +3 halberd of venom
 49997 | Snake:4  | Reached skill level 4 in Evocations
 50260 | Snake:4  | Identified a +0 glaive
 50263 | Snake:4  | Identified a +0 short sword
 50263 | Snake:4  | Identified a +0 robe
 50263 | Snake:4  | Identified a +0 short sword
 50265 | Snake:4  | Identified a cursed +0 long sword
 50287 | Snake:4  | Identified a +0 mace
 50289 | Snake:4  | Identified a cursed -2 halberd
 50297 | Snake:4  | Reached skill level 7 in Invocations
 50299 | Snake:4  | Identified a cursed -1 flail
 50299 | Snake:4  | Identified a +0 scimitar
 50301 | Snake:4  | Identified a +0 club
 50301 | Snake:4  | Identified a +0 robe
 50312 | Snake:4  | Identified a +0 hand axe
 50312 | Snake:4  | Identified a +0 longbow
 50312 | Snake:4  | Identified a +0 morningstar
 50312 | Snake:4  | Identified a +0 glaive
 50312 | Snake:4  | Identified a +0 robe
 50313 | Snake:4  | Identified a +0 halberd
 50313 | Snake:4  | Identified a +0 shortbow
 50313 | Snake:4  | Identified a +0 mace of crushing
 50313 | Snake:4  | Identified a +0 shield
 50314 | Snake:4  | Identified a +0 glaive
 50323 | Snake:4  | Identified a +0 halberd
 50387 | Snake:4  | Identified a scarf of repulsion (You acquired it on level 4
                  | of the Snake Pit)
 50660 | Snake:4  | Identified a +0 short sword
 50660 | Snake:4  | Identified a +0 robe
 50660 | Snake:4  | Identified a +0 large shield
 50662 | Snake:4  | Identified a +0 long sword
 50665 | Snake:4  | Identified a +3 scimitar of venom
 50665 | Snake:4  | Identified a +0 robe
 50694 | Snake:4  | Identified a cursed -3 glaive
 50694 | Snake:4  | Identified a +0 robe
 50702 | Snake:4  | Identified a +0 dagger of venom
 50702 | Snake:4  | Identified a +0 robe
 50704 | Snake:4  | Identified a +0 flail
 50704 | Snake:4  | Identified a +0 robe
 50704 | Snake:4  | Identified a +0 halberd
 50718 | Snake:4  | Reached skill level 3 in Summonings
 50735 | Snake:4  | Identified a cursed +0 flail
 50735 | Snake:4  | Identified a +0 robe
 50739 | Snake:4  | Identified a +0 trident
 50739 | Snake:4  | Identified a +0 battleaxe
 50739 | Snake:4  | Identified a +0 robe
 50741 | Snake:4  | Identified a +0 flail
 50741 | Snake:4  | Identified a +0 robe
 50742 | Snake:4  | Identified a +2 mace of crushing
 50742 | Snake:4  | Identified a +0 shortbow
 50744 | Snake:4  | Identified a +0 hand axe
 50746 | Snake:4  | Identified a +0 whip
 50746 | Snake:4  | Identified a cursed +0 robe
 50759 | Snake:4  | Identified a +2 long sword of holy wrath
 51003 | Snake:4  | Identified a +0 long sword
 51030 | Snake:4  | Identified a +0 short sword
 51033 | Snake:4  | Identified a +0 whip of holy wrath
 51033 | Snake:4  | Identified a +0 robe
 51035 | Snake:4  | Identified a +0 spear
 51035 | Snake:4  | Identified a +0 robe
 51044 | Snake:4  | Identified a +0 battleaxe
 51044 | Snake:4  | Identified a +0 arbalest
 51207 | Snake:4  | Identified a +0 war axe
 51212 | Snake:4  | Identified a +0 mace
 51415 | Snake:4  | Reached skill level 13 in Fighting
 51433 | Snake:4  | Got a serpentine rune of Zot
 51630 | Shoals:1 | Entered Level 1 of the Shoals
 51630 | Shoals:1 | Identified a +0 trident
 51633 | Shoals:1 | Identified a +0 rapier
 51633 | Shoals:1 | Identified a +0 robe
 51757 | Shoals:1 | Reached skill level 6 in Throwing
 51778 | Shoals:1 | Identified a +1 rapier of protection
 51778 | Shoals:1 | Identified a cursed +0 robe
 51779 | Shoals:1 | Identified a +0 trident
 51779 | Shoals:1 | Identified a +0 trident
 51781 | Shoals:1 | Identified a +0 trident
 51849 | Shoals:1 | Reached XP level 20. HP: 156/156 MP: 28/32
 51849 | Shoals:1 | Identified a +2 trident of venom
 51855 | Shoals:1 | Reached skill level 5 in Evocations
 51900 | Shoals:1 | Identified a cursed +0 trident
 51900 | Shoals:1 | Identified a +0 rapier of draining
 51900 | Shoals:1 | Identified a +0 robe
 51902 | Shoals:1 | Identified a +2 trident of venom
 51917 | Shoals:1 | Identified a +0 club
 51917 | Shoals:1 | Identified a +0 hunting sling
 51918 | Shoals:1 | Received a gift from Sif Muna
 52163 | Shoals:1 | Identified a +0 trident
 52186 | Shoals:1 | Identified a +0 spear
 52186 | Shoals:1 | Identified a +0 hunting sling
 52193 | Shoals:1 | Found an ornate altar of the Wu Jian Council.
 52236 | Shoals:1 | Reached skill level 12 in Transmutations
 52485 | Shoals:1 | Identified a cursed -3 spear
 52506 | Shoals:1 | Identified +0 fire dragon scales
 52545 | Shoals:1 | Identified a potion of haste
 52871 | Shoals:2 | Identified a +0 trident
 52888 | Shoals:2 | Identified a +0 trident
 52890 | Shoals:2 | Identified a +0 trident
 52920 | Shoals:2 | Identified a +0 club
 52920 | Shoals:2 | Identified a +0 hunting sling
 52920 | Shoals:2 | Identified a cursed -1 quarterstaff
 52920 | Shoals:2 | Identified a +0 hunting sling
 52922 | Shoals:2 | Identified a +0 spear
 52922 | Shoals:2 | Identified a +0 hunting sling
 52923 | Shoals:2 | Identified a +0 spear
 52923 | Shoals:2 | Identified a +0 hunting sling
 53002 | Shoals:2 | Identified a +0 trident
 53084 | Shoals:2 | Identified a +0 trident
 53084 | Shoals:2 | Identified a +0 spear of freezing
 53087 | Shoals:2 | Identified a +0 trident
 53095 | Shoals:2 | Identified a +1 rapier of venom
 53095 | Shoals:2 | Identified a +0 robe
 53231 | Shoals:2 | Reached skill level 8 in Invocations
 53284 | Shoals:3 | Identified a +4 trident of freezing
 53284 | Shoals:3 | Identified a +0 robe
 53284 | Shoals:3 | Noticed Ilsuiw
 53284 | Shoals:3 | Identified a +3 trident
 53285 | Shoals:3 | Identified a +0 trident
 53286 | Shoals:3 | Identified a +0 trident
 53286 | Shoals:3 | Identified a cursed -2 spear
 53287 | Shoals:3 | Identified a +0 trident
 53294 | Shoals:3 | Identified a +0 trident
 53294 | Shoals:3 | Identified a +0 leather armour
 53295 | Shoals:3 | Identified a +0 trident
 53296 | Shoals:3 | Identified a +0 trident
 53296 | Shoals:3 | Identified a +0 trident
 53298 | Shoals:3 | Identified a +0 trident
 53298 | Shoals:3 | Identified a +0 spear
 53299 | Shoals:3 | Identified a +0 trident
 53301 | Shoals:3 | Identified a +0 spear
 53301 | Shoals:3 | Identified a +0 trident
 53301 | Shoals:3 | Identified a +0 spear
 53304 | Shoals:3 | Identified a +0 spear
 53309 | Shoals:3 | Identified a +0 trident
 53466 | Shoals:3 | Identified a +5 spear of venom
 53466 | Shoals:3 | Identified a +0 leather armour
 53466 | Shoals:3 | Identified a +0 trident
 53476 | Shoals:3 | Identified a +0 trident
 53495 | Shoals:3 | Identified a +0 spear
 53548 | Shoals:3 | Identified a +0 trident
 53556 | Shoals:3 | Identified a +0 shortbow
 53558 | Shoals:3 | Identified a +0 trident
 53559 | Shoals:3 | Identified a +0 trident
 53562 | Shoals:3 | Identified a +0 club
 53562 | Shoals:3 | Identified a +0 hunting sling
 53562 | Shoals:3 | Identified a +0 spear
 53562 | Shoals:3 | Identified a +0 hunting sling
 53564 | Shoals:3 | Noticed Polyphemus
 53813 | Shoals:3 | Identified a +4 vampiric trident
 53813 | Shoals:3 | Identified a +0 leather armour
 53834 | Shoals:3 | Reached skill level 16 in Unarmed Combat
 53901 | Shoals:3 | Killed Polyphemus
 54070 | Shoals:3 | Identified Sif Muna's Incunabulum of Mutagenic Clay (Sif
                  | Muna gifted it to you on level 3 of the Shoals)
 54070 | Shoals:3 | Received a gift from Sif Muna
 54070 | Shoals:3 | Reached skill level 6 in Evocations
 54216 | Shoals:3 | Killed Ilsuiw
 54456 | Shoals:4 | Entered Level 4 of the Shoals
 54456 | Shoals:4 | Identified a +0 spear
 54460 | Shoals:4 | Identified a +0 trident
 54503 | Shoals:4 | Identified a +0 glaive
 54503 | Shoals:4 | Identified a +0 trident
 54504 | Shoals:4 | Identified a +0 trident
 54512 | Shoals:4 | Reached ****** piety under Sif Muna
 54512 | Shoals:4 | Reached skill level 7 in Throwing
 54546 | Shoals:4 | Identified a +0 trident
 54546 | Shoals:4 | Identified a +0 trident
 54546 | Shoals:4 | Identified a +0 trident
 54546 | Shoals:4 | Identified a +0 spear
 54548 | Shoals:4 | Identified a +0 spear
 54548 | Shoals:4 | Identified a +0 leather armour
 54548 | Shoals:4 | Identified a +0 trident
 54595 | Shoals:4 | Identified a +0 trident of venom
 54595 | Shoals:4 | Identified a +0 leather armour
 54645 | Shoals:4 | Identified a +1 battleaxe of freezing
 54645 | Shoals:4 | Identified a +5 demon trident of freezing
 54645 | Shoals:4 | Identified a +0 robe
 54647 | Shoals:4 | Identified a +3 trident of freezing
 54647 | Shoals:4 | Identified a +0 robe
 54658 | Shoals:4 | Identified a +0 spear
 54658 | Shoals:4 | Identified a +0 leather armour
 54664 | Shoals:4 | Identified a +1 demon trident of freezing
 54664 | Shoals:4 | Identified a +0 robe
 54687 | Shoals:4 | Identified a +0 trident
 54692 | Shoals:4 | Identified a +4 trident of freezing
 54692 | Shoals:4 | Identified a +0 robe
 54718 | Shoals:4 | Got a barnacled rune of Zot
 54851 | Shoals:4 | Identified a +0 vampiric trident
 54851 | Shoals:4 | Identified a +0 robe
 54851 | Shoals:4 | Identified a +0 trident
 54973 | Shoals:4 | Identified a +0 antimagic trident
 54973 | Shoals:4 | Identified a +0 trident
 54973 | Shoals:4 | Identified a +0 scale mail
 54974 | Shoals:4 | Identified a +0 rapier
 54974 | Shoals:4 | Identified a +0 robe
 54975 | Shoals:4 | Reached skill level 14 in Dodging
 54976 | Shoals:4 | Identified a +0 trident
 54984 | Shoals:4 | Identified a +0 spear
 55016 | Shoals:4 | Reached XP level 21. HP: 149/163 MP: 17/33
 55031 | Shoals:4 | Identified a +1 demon trident of venom
 55031 | Shoals:4 | Identified a +0 robe
 55041 | Shoals:4 | Identified a +0 spear
 55041 | Shoals:4 | Identified a +1 leather armour of fire resistance
 55042 | Shoals:4 | Identified a +0 trident
 55043 | Shoals:4 | Identified a +0 trident
 55044 | Shoals:4 | Identified a +0 trident
 55062 | Shoals:4 | Identified a +0 trident
 55062 | Shoals:4 | Identified a +0 robe
 55153 | Shoals:4 | Identified a +0 spear
 55171 | Shoals:4 | Identified Soaqobask's Disquisition on Boosts and Curses
                  | (Sif Muna gifted it to you on level 4 of the Shoals)
 55171 | Shoals:4 | Received a gift from Sif Muna
 55359 | Shoals:4 | Identified a +0 trident
 55359 | Shoals:4 | Identified a +0 rapier
 55359 | Shoals:4 | Identified a +0 robe
 55359 | Shoals:4 | Identified a +0 trident
 55359 | Shoals:4 | Identified a +2 rapier of speed
 55359 | Shoals:4 | Identified a +0 robe
 55755 | Orc:2    | Bought a book of Spatial Translocations for 1105 gold
                  | pieces
 55759 | Orc:2    | Learned a level 3 spell: Lesser Beckoning
 55764 | Orc:2    | Learned a level 4 spell: Passage of Golubria
 55905 | Vaults:1 | Entered Level 1 of the Vaults
 55919 | Vaults:1 | Identified a +0 short sword
 55919 | Vaults:1 | Identified a +0 shortbow
 55919 | Vaults:1 | Identified a +0 leather armour
 55920 | Vaults:1 | Identified a +0 great sword
 55920 | Vaults:1 | Identified a +0 plate armour
 55967 | Vaults:1 | Identified a +2 war axe
 55967 | Vaults:1 | Identified a +0 plate armour
 55987 | Vaults:1 | Identified a +3 war axe of distortion
 55987 | Vaults:1 | Identified a +0 plate armour
 55990 | Vaults:1 | Cast into level 3 of the Abyss (vault warden)
 55990 | Abyss:3  | Found a corrupted altar of Lugonu.
 56001 | Abyss:3  | Found a corrupted altar of Lugonu.
 56010 | Abyss:5  | Entered Level 5 of the Abyss
 56108 | Abyss:5  | Reached skill level 1 in Translocations
 56171 | Abyss:5  | Noticed a bone dragon
 56201 | Abyss:5  | Identified a +2 scimitar of flaming
 56217 | Abyss:5  | ventricule: ??lesser beckoning
 56217 | Abyss:5  | meem: lesser beckoning[1/1]: L3 Translocation spell that
                  | attempts to move the target creature towards a spot
                  | adjacent to the caster. Starts at range two and maxes at
                  | range 7 with 200 spellpower.
 56217 | Abyss:5  | ventricule: ??lesser beckoning[2]
 56217 | Abyss:5  | meem: I don't have a page labeled lesser_beckoning[2] in my
                  | learndb.
 56242 | Abyss:5  | Reached skill level 2 in Translocations
 56245 | Abyss:5  | Identified a +0 long sword
 56245 | Abyss:5  | Identified a +0 robe
 56250 | Abyss:5  | Paralysed by accursed screaming for 2 turns
 56253 | Vaults:1 | Escaped the Abyss
 56403 | Vaults:1 | Identified a +0 giant club
 56403 | Vaults:1 | Identified a +0 giant spiked club
 56403 | Vaults:1 | Identified a +0 giant club
 56403 | Vaults:1 | Identified a +0 mace
 56403 | Vaults:1 | Identified a +2 halberd of venom
 56403 | Vaults:1 | Identified a +0 giant spiked club
 56403 | Vaults:1 | Identified a +0 giant spiked club
 56403 | Vaults:1 | Identified a cursed +0 giant club
 56403 | Vaults:1 | Identified a +0 giant club
 56403 | Vaults:1 | Identified a +0 giant spiked club
 56403 | Vaults:1 | Identified a +0 dire flail
 56403 | Vaults:1 | Identified a +0 spear
 56403 | Vaults:1 | Identified a +0 robe
 56404 | Vaults:1 | Identified a +0 glaive
 56404 | Vaults:1 | Identified a +0 battleaxe
 56405 | Vaults:1 | Identified a +0 giant spiked club
 56405 | Vaults:1 | Identified a +0 giant spiked club
 56411 | Vaults:1 | Identified a +0 flail
 56447 | Vaults:1 | Reached skill level 7 in Evocations
 56454 | Vaults:1 | Reached skill level 3 in Translocations
 56780 | Vaults:1 | Identified a +0 broad axe
 56780 | Vaults:1 | Identified a +0 chain mail
 56825 | Vaults:1 | Identified a +0 dire flail
 56825 | Vaults:1 | Identified a +0 ring mail
 56855 | Vaults:1 | Identified a +0 arbalest
 56855 | Vaults:1 | Identified a +0 arbalest
 56855 | Vaults:1 | Identified a +0 arbalest
 56855 | Vaults:1 | Identified a +0 arbalest
 56869 | Vaults:1 | Received a gift from Sif Muna
 56874 | Vaults:1 | Identified a +0 arbalest
 56877 | Vaults:1 | Identified a +0 arbalest
 56878 | Vaults:1 | Identified a +0 arbalest
 56878 | Vaults:1 | Identified a +0 arbalest
 56878 | Vaults:1 | Identified a +0 arbalest
 56932 | Vaults:1 | Identified +0 fire dragon scales
 56932 | Vaults:1 | Reached skill level 8 in Throwing
 57140 | Vaults:1 | Identified a +0 long sword
 57140 | Vaults:1 | Identified a cursed +0 chain mail
 57140 | Vaults:1 | Identified a +0 short sword
 57140 | Vaults:1 | Identified a +0 chain mail
 57140 | Vaults:1 | Identified a +0 dagger
 57140 | Vaults:1 | Identified a +0 robe
 57141 | Vaults:1 | Identified a +0 ring mail
 57143 | Vaults:1 | Identified a +0 trident
 57143 | Vaults:1 | Identified a +0 chain mail
 57144 | Vaults:1 | Identified a +1 glaive of protection
 57144 | Vaults:1 | Identified a +0 plate armour
 57242 | Vaults:1 | Identified a +0 morningstar
 57242 | Vaults:1 | Identified a +0 ring mail
 57267 | Vaults:1 | Identified a +0 dire flail
 57267 | Vaults:1 | Identified a +0 scale mail
 57268 | Vaults:1 | Identified a +0 arbalest
 57271 | Vaults:1 | Identified a +0 falchion
 57271 | Vaults:1 | Identified a +0 scale mail
 57271 | Vaults:1 | Identified a +0 great sword
 57271 | Vaults:1 | Identified a +0 chain mail
 57271 | Vaults:1 | Identified a +0 giant spiked club
 57271 | Vaults:1 | Identified a +0 dire flail
 57271 | Vaults:1 | Identified a +1 great sword of slicing
 57271 | Vaults:1 | Identified a +0 plate armour
 57273 | Vaults:1 | Identified a +0 giant spiked club
 57273 | Vaults:1 | Identified a +0 giant spiked club
 57422 | Vaults:1 | You fall into a shaft and drop 1 floor!
 57422 | Vaults:2 | Identified a +0 arbalest
 57422 | Vaults:2 | Identified a +0 arbalest
 57423 | Vaults:2 | Identified a +0 arbalest
 57423 | Vaults:2 | Identified a +0 arbalest
 57425 | Vaults:2 | Identified a +0 arbalest
 57439 | Vaults:2 | Paralysed by a great orb of eyes for 7 turns
 57451 | Vaults:2 | Reached skill level 4 in Translocations
 57734 | Vaults:2 | Identified a +0 dagger
 57734 | Vaults:2 | Identified a +0 robe
 57735 | Vaults:2 | Identified a +0 giant club
 57735 | Vaults:2 | Identified a +0 giant club
 57737 | Vaults:2 | Identified a +0 giant club
 57737 | Vaults:2 | Identified a +0 giant club
 57737 | Vaults:2 | Identified a +0 halberd
 57737 | Vaults:2 | Identified a +0 robe
 57739 | Vaults:2 | Identified a +0 dire flail
 57739 | Vaults:2 | Identified a +0 giant spiked club
 57742 | Vaults:2 | Identified a +0 giant spiked club
 57742 | Vaults:2 | Identified a +0 giant club
 57743 | Vaults:2 | Identified a +0 leather armour
 57751 | Vaults:2 | Identified a +0 long sword
 57751 | Vaults:2 | Identified a +0 plate armour of cold resistance
 57754 | Vaults:2 | Identified a +0 battleaxe
 57754 | Vaults:2 | Identified a +0 chain mail
 57777 | Vaults:2 | Identified a ring of protection from magic (You found it on
                  | level 2 of the Vaults)
 57940 | Vaults:2 | Identified a +0 falchion
 57940 | Vaults:2 | Identified a +0 ring mail
 57952 | Vaults:2 | Reached skill level 17 in Unarmed Combat
 57973 | Vaults:2 | Identified a +0 great sword
 57973 | Vaults:2 | Identified a +0 ring mail
 57976 | Vaults:2 | Identified a +0 battleaxe
 57976 | Vaults:2 | Identified a +0 chain mail
 57976 | Vaults:2 | Identified a +0 mace
 57976 | Vaults:2 | Identified a +0 leather armour
 57976 | Vaults:2 | Identified a +0 short sword
 57976 | Vaults:2 | Identified a +2 leather armour of fire resistance
 57976 | Vaults:2 | Identified a +0 club
 57976 | Vaults:2 | Identified a +0 dagger
 57976 | Vaults:2 | Identified a +0 robe
 57976 | Vaults:2 | Identified a cursed -2 club
 57983 | Vaults:2 | Identified a +0 arbalest
 57985 | Vaults:2 | Identified a +0 arbalest
 57986 | Vaults:2 | Identified a +0 arbalest
 57986 | Vaults:2 | Identified an uncursed ring of positive energy
 57997 | Vaults:2 | Identified a +0 arbalest
 58102 | Vaults:2 | Identified a +0 arbalest
 58160 | Vaults:2 | Identified a +1 dagger of draining
 58160 | Vaults:2 | Identified a +0 shortbow
 58160 | Vaults:2 | Identified a +0 leather armour
 58170 | Vaults:2 | Identified a +0 arbalest
 58178 | Vaults:2 | HP: 44/213 [slime creature (11)]
 58182 | Vaults:2 | Identified a +0 shortbow
 58560 | Vaults:2 | Identified a +0 short sword
 58560 | Vaults:2 | Identified a +0 ring mail
 58560 | Vaults:2 | Identified a +0 buckler
 58562 | Vaults:2 | Identified a +0 mace
 58562 | Vaults:2 | Identified a +0 leather armour
 58562 | Vaults:2 | Identified a +0 rapier
 58563 | Vaults:2 | Identified a +0 rapier
 58563 | Vaults:2 | Noticed a deep elf demonologist
 58563 | Vaults:2 | Identified a +0 rapier
 58564 | Vaults:2 | Identified a +0 rapier
 58571 | Vaults:2 | Reached skill level 5 in Translocations
 58575 | Vaults:2 | Killed a deep elf demonologist
 58578 | Vaults:2 | Reached skill level 14 in Fighting
 58613 | Vaults:2 | Identified a +0 mace
 58613 | Vaults:2 | Identified a +0 ring mail
 58621 | Vaults:2 | Reached skill level 13 in Transmutations
 58624 | Vaults:2 | Identified Sif Muna's Compendium of Confrontation (Sif Muna
                  | gifted it to you on level 2 of the Vaults)
 58624 | Vaults:2 | Received a gift from Sif Muna
 58632 | Vaults:2 | HP: 39/214 [deep troll earth mage[an ironheart preserver]
                  | (25)]
 58637 | Vaults:2 | HP: 26/214 [deep troll earth mage[an ironheart preserver]
                  | (6)]
 58638 | Vaults:2 | Identified a +0 troll leather armour
 59039 | Vaults:2 | Identified a +0 dire flail of protection
 59039 | Vaults:2 | Identified a +0 chain mail
 59039 | Vaults:2 | Identified a +0 giant club
 59039 | Vaults:2 | Identified a +0 dire flail
 59039 | Vaults:2 | Identified a +0 plate armour
 59040 | Vaults:2 | Identified a +0 long sword
 59040 | Vaults:2 | Identified a +0 arbalest
 59040 | Vaults:2 | Identified a +0 plate armour
 59048 | Vaults:2 | Reached XP level 22. HP: 172/172 MP: 29/34
 59090 | Vaults:2 | Found a staircase to the Crypt.
 59203 | Vaults:2 | Identified a +0 great mace
 59203 | Vaults:2 | Identified a +3 ring mail
 59206 | Vaults:2 | Identified a +0 troll leather armour
 59221 | Vaults:2 | Identified a +0 troll leather armour
 59424 | Vaults:2 | Identified +0 ice dragon scales
 59792 | Vaults:3 | Identified a +2 battleaxe of freezing
 59796 | Vaults:3 | Identified a +1 battleaxe
 59796 | Vaults:3 | Identified a +0 plate armour
 59798 | Vaults:3 | Identified a +0 long sword
 59798 | Vaults:3 | Identified a +0 chain mail
 59798 | Vaults:3 | Identified a +0 dire flail
 59798 | Vaults:3 | Identified a +0 ring mail
 59798 | Vaults:3 | Identified a +0 war axe
 59798 | Vaults:3 | Identified a +0 scale mail
 59916 | Vaults:3 | Identified a +0 morningstar of freezing
 59916 | Vaults:3 | Identified a +0 scale mail
 59917 | Vaults:3 | Identified a +0 arbalest
 59920 | Vaults:3 | Identified a +0 ring mail
 59920 | Vaults:3 | Identified a +0 bardiche
 59920 | Vaults:3 | Identified a +0 chain mail
 59920 | Vaults:3 | Identified a +1 dire flail of holy wrath
 59920 | Vaults:3 | Identified a +0 dire flail
 59920 | Vaults:3 | Identified a +0 great sword
 59920 | Vaults:3 | Identified a +0 chain mail
 59921 | Vaults:3 | Identified a +0 dire flail
 59921 | Vaults:3 | Identified a +0 chain mail
 59931 | Vaults:3 | Reached skill level 8 in Evocations
 60199 | Vaults:3 | Identified a +0 arbalest
 60201 | Vaults:3 | Identified a +0 flail
 60201 | Vaults:3 | Identified a +0 ring mail
 60204 | Vaults:3 | Identified a +0 morningstar
 60204 | Vaults:3 | Identified a +0 ring mail
 60206 | Vaults:3 | Identified a +0 giant club
 60206 | Vaults:3 | Identified a +0 giant club
 60206 | Vaults:3 | Identified a +0 long sword
 60206 | Vaults:3 | Identified a +0 arbalest
 60206 | Vaults:3 | Identified a +0 ring mail
 60206 | Vaults:3 | Identified a +0 great sword
 60206 | Vaults:3 | Identified a +0 chain mail
 60206 | Vaults:3 | Identified a +0 flail
 60206 | Vaults:3 | Identified a cursed +0 leather armour
 60206 | Vaults:3 | Identified a +2 great sword of flaming
 60207 | Vaults:3 | Identified a +0 giant club
 60424 | Vaults:3 | ventricule: ??irradiate
 60424 | Vaults:3 | meem: irradiate[1/2]: L5 Tm/Cj. Does 6d(5+Power/12) damage
                  | to all adjacent enemies and {malmutate}s them, at the cost
                  | of significant contam (zero to yellow in 3-4 casts).
                  | Contamination from one cast is 1000+1d500.
 60498 | Vaults:3 | Identified a +0 long sword
 60498 | Vaults:3 | Identified a +0 scale mail
 60501 | Vaults:3 | Identified a +0 flail
 60501 | Vaults:3 | Identified a +0 ring mail
 60505 | Vaults:3 | Reached skill level 9 in Spellcasting
 60535 | Vaults:3 | Identified a +2 dire flail of venom
 60535 | Vaults:3 | Identified a +0 scale mail
 60566 | Vaults:3 | Identified a +1 bardiche
 60566 | Vaults:3 | Identified a +0 chain mail
 60567 | Vaults:3 | Identified a +0 bardiche
 60567 | Vaults:3 | Identified a +0 plate armour
 60567 | Vaults:3 | Identified a +0 long sword
 60567 | Vaults:3 | Identified a +0 plate armour
 60567 | Vaults:3 | Identified a +0 shield
 60567 | Vaults:3 | Identified a +0 battleaxe of freezing
 60567 | Vaults:3 | Identified a +0 chain mail
 60567 | Vaults:3 | Identified a +0 bardiche
 60567 | Vaults:3 | Identified a +0 plate armour
 60595 | Vaults:3 | Reached skill level 9 in Throwing
 60678 | Vaults:3 | Identified a +0 flail
 60678 | Vaults:3 | Identified a +0 scale mail
 60678 | Vaults:3 | Identified a cursed -1 flail
 60678 | Vaults:3 | Identified a +0 ring mail
 60680 | Vaults:3 | Identified a +2 dire flail of draining
 60680 | Vaults:3 | Identified a +0 great mace
 60681 | Vaults:3 | Identified a +0 arbalest
 60681 | Vaults:3 | Identified a +0 morningstar
 60681 | Vaults:3 | Identified a +0 arbalest
 60681 | Vaults:3 | Identified a +0 scale mail
 60681 | Vaults:3 | Identified a +0 war axe
 60681 | Vaults:3 | Identified a +0 arbalest
 60681 | Vaults:3 | Identified a +0 scale mail
 60681 | Vaults:3 | Identified a +0 dire flail
 60681 | Vaults:3 | Identified a +0 leather armour
 60685 | Vaults:3 | Identified a +0 giant club
 60688 | Vaults:3 | Identified a +0 flail
 60688 | Vaults:3 | Identified a +0 scale mail
 60697 | Vaults:3 | Noticed an Ice Fiend
 60698 | Vaults:3 | Identified a +0 great mace of crushing
 60698 | Vaults:3 | Identified a +0 ring mail
 60710 | Vaults:3 | Killed a lich
 60716 | Vaults:3 | HP: 42/172 [storm dragon (7)]
 60716 | Vaults:3 | HP: 18/172 [ironheart preserver/+0 great mace of crushing
                  | (5)]
 60717 | Vaults:3 | Noticed an entropy weaver
 60717 | Vaults:3 | an entropy weaver changed into an ice dragon
 60719 | Vaults:3 | Paralysed by a floating eye for 4 turns
 60721 | Vaults:3 | Killed from afar by a quicksilver dragon

Table legend:
 A = Turns spent in this place as a percentage of turns spent in the entire game.
 B = Non-inter-level travel turns spent in this place as a percentage of non-inter-level travel turns spent in the entire game.
 C = Inter-level travel turns spent in this place as a percentage of turns spent in this place.
 D = Turns resting spent in this place as a percentage of non-inter-level travel turns spent in this place.
 E = Turns spent auto-exploring this place as a percentage of non-inter-level travel turns spent in this place.
 F = Non-inter-level travel turns spent in this place divided by the number of levels of this place that you've seen.
                   A       B       C       D       E      F
               +-------+-------+-------+-------+-------+----------------------
         Total | 100.0 | 100.0 |   5.3 |  42.8 |  34.5 | 1337.7
       Dungeon |  35.3 |  35.1 |   5.8 |  41.6 |  35.3 | 1344.9
        Temple |   0.1 |   0.1 |  31.6 |   0.0 |  53.8 |  39.0
          Lair |  17.5 |  17.5 |   5.5 |  42.9 |  39.4 | 1673.2
        Shoals |   6.5 |   6.7 |   3.2 |  18.2 |  49.4 | 960.8
     Snake Pit |  16.4 |  16.4 |   5.7 |  47.8 |  26.8 | 2353.2
  Orcish Mines |   5.3 |   4.9 |  12.8 |  44.1 |  40.2 | 1400.5
   Elven Halls |   7.7 |   7.8 |   4.3 |  55.1 |  26.8 | 1493.7
        Vaults |   7.5 |   7.8 |   0.9 |  50.5 |  30.7 | 1504.7
         Abyss |   0.4 |   0.5 |   0.0 |   0.0 |   0.0 |  87.7
       Ossuary |   1.5 |   1.6 |   0.0 |  60.1 |   7.3 | 903.0
      Ice Cave |   1.7 |   1.8 |   0.0 |  17.2 |  50.9 | 1054.0
               +-------+-------+-------+-------+-------+----------------------

Table legend:
 A = Kills in this place as a percentage of kills in entire the game.
 B = Kills by you in this place as a percentage of kills by you in the entire game.
 C = Kills by friends in this place as a percentage of kills by friends in the entire game.
 D = Other kills in this place as a percentage of other kills in the entire game.
 E = Experience gained in this place as a percentage of experience gained in the entire game.
 F = Experience gained in this place divided by the number of levels of this place that you have seen.
                   A       B       C       D       E      F
               +-------+-------+-------+-------+-------+----------------------
         Total | 100.0 | 100.0 | 100.0 | 100.0 | 100.0 | 12661.7
       Dungeon |  32.3 |  32.1 |  43.2 |  25.0 |  13.0 | 4721.4
          Lair |  12.9 |  12.8 |  18.2 |   8.3 |   8.8 | 7967.0
        Shoals |  11.2 |  11.5 |   2.3 |   4.2 |  17.8 | 24193.0
     Snake Pit |  16.1 |  16.5 |   4.5 |   8.3 |  27.8 | 37873.2
  Orcish Mines |   4.8 |   4.6 |   6.8 |  12.5 |   1.5 | 4130.0
   Elven Halls |   4.0 |   4.1 |   0.0 |   8.3 |   6.5 | 11815.7
        Vaults |  10.5 |  10.7 |   6.8 |   0.0 |  19.9 | 36170.7
         Abyss |   2.4 |   2.3 |   9.1 |   0.0 |   2.2 | 4071.3
       Ossuary |   2.2 |   2.0 |   9.1 |   0.0 |   0.1 | 329.0
      Ice Cave |   3.6 |   3.3 |   0.0 |  33.3 |   2.4 | 12803.0
               +-------+-------+-------+-------+-------+----------------------

Skill      XL: |  1  2  3  4  5  6  7  8  9 10 11 12 13 14 15 16 17 18 19 20 21 22 |
---------------+-------------------------------------------------------------------+-----
Dodging        | 3 4 5 6 7 8 9 10 11 12 13 14 | 14.0
Transmutations | 3 4 5 6 7 8 10 11 12 13 | 13.3
Poison Magic   | 1 2 4 |  4.0
Unarmed Combat | 4 5 6 8 10 11 13 14 15 16 17 | 17.6
Fighting       | 2 4 5 6 7 8 9 10 11 12 13 14 | 14.2
Ice Magic      | 1 3 4 6 7 |  7.2
Spellcasting   | 3 5 6 7 8 9 |  9.1
Charms         | 2 3 5 |  5.9
Necromancy     | 2 3 |  3.7
Conjurations   | 1 3 |  3.4
Air Magic      | 1 3 4 6 |  6.0
Summonings     | 1 3 |  3.2
Invocations    | 1 3 4 5 6 7 8 |  8.9
Throwing       | 2 4 6 7 8 9 |  9.0
Armour         | 2 |  2.1
Earth Magic    | 9 10 | 10.3
Evocations     | 3 4 6 7 8 |  8.3
Translocations | 5 |  5.7

Action                   |  1- 3 |  4- 6 |  7- 9 | 10-12 | 13-15 | 16-18 | 19-21 | 22-24 || total
-------------------------+-------+-------+-------+-------+-------+-------+-------+-------++-------
Melee: Unarmed           |    74 |   230 |   617 |   654 |   801 |  1245 |  1491 |   182 ||  5294
       Kick              |     4 |    12 |    17 |       |       |       |       |       ||    33
       Headbutt          |     4 |       |       |       |       |       |       |       ||     4
       Punch             |       |       |     7 |     3 |     7 |    45 |    98 |    18 ||   178
       Dagger            |       |       |       |       |     5 |    12 |       |       ||    17
       Staff             |       |       |       |       |       |    11 |       |       ||    11
Throw: Boomerang         |       |       |     9 |     7 |       |     3 |    28 |     3 ||    50
       Stone             |       |       |     2 |       |       |       |       |       ||     2
 Cast: Beastly Appendage |     7 |     8 |     4 |       |       |       |       |       ||    19
       Sticks to Snakes  |     3 |    17 |    50 |    47 |    44 |     7 |       |       ||   168
       Spider Form       |       |     8 |    25 |    31 |       |       |       |       ||    64
       Ice Form          |       |       |       |    32 |    76 |    52 |     1 |     1 ||   162
       Regeneration      |       |       |       |     5 |    14 |    33 |    54 |     7 ||   113
       Mephitic Cloud    |       |       |       |       |    53 |    23 |     2 |       ||    78
       Blade Hands       |       |       |       |       |    26 |    34 |       |       ||    60
       Deflect Missiles  |       |       |       |       |       |    15 |    18 |       ||    33
       Ozocubu's Armour  |       |       |       |       |       |    25 |       |       ||    25
       Statue Form       |       |       |       |       |       |    22 |    81 |    10 ||   113
       Summon Lightning  |       |       |       |       |       |       |    24 |     8 ||    32
       Lesser Beckoning  |       |       |       |       |       |       |     1 |       ||     1
Invok: Channel Magic     |       |       |       |       |       |       |     2 |       ||     2
       Forget Spell      |       |       |       |       |       |       |       |     1 ||     1
 Abil: End Transformatio |       |       |       |       |     1 |     4 |       |       ||     5
       Evoke Flight      |       |       |       |       |       |       |    15 |       ||    15
Evoke: Wand              |       |       |     3 |     1 |     4 |     5 |       |       ||    13
       Phial of floods   |       |       |       |     1 |       |     1 |       |       ||     2
       Lamp of fire      |       |       |       |       |       |     1 |     2 |     1 ||     4
  Use: Scroll            |     2 |     8 |     7 |     8 |    15 |    11 |    10 |     1 ||    62
       Potion            |       |     2 |     1 |     3 |     4 |     5 |     3 |     3 ||    21
 Stab: Distracted        |       |     1 |     7 |     6 |     1 |     2 |     7 |       ||    24
       Sleeping          |       |       |     5 |       |     1 |       |     1 |     1 ||     8
       Confused          |       |       |       |       |    41 |    23 |       |       ||    64
  Eat: Chunk             |     2 |     8 |    11 |    33 |    34 |    37 |    49 |    12 ||   186
       Ration            |       |     1 |     5 |     3 |    13 |    12 |    12 |       ||    46
Armor: Robe              |    14 |    45 |    60 |    20 |    15 |       |       |       ||   154
       Skin              |       |     9 |     8 |    49 |    92 |   287 |   985 |   101 ||  1531
       Leather armour    |       |       |       |       |    23 |    53 |     8 |     1 ||    85
Dodge: Dodged            |    55 |   238 |   485 |   598 |   685 |  1169 |  2513 |   245 ||  5988
       Deflected         |       |       |       |       |       |    74 |   153 |     7 ||   234

Vanquished Creatures
  Jorgrun (Snake:1)
  A lich (Vaults:3)
  Polyphemus (Shoals:3)
  A sphinx (Vaults:2)
  2 krakens
  Kirke (D:15)
  12 nagarajas
  3 frost giants
  3 vault wardens
  Ilsuiw (Shoals:3)
  9 ironheart preservers
  3 stone giants (Vaults:2)
  Nessos (D:13)
  A deep elf demonologist (Vaults:2)
  An ettin (Vaults:3)
  4 merfolk javelineers
  A deep elf death mage (Vaults:2)
  3 fire dragons
  9 merfolk impalers
  A deep elf high priest (Elf:1)
  2 ice dragons (Vaults:2)
  A great orb of eyes (Vaults:2)
  7 yaktaur captains
  7 vault guards (Vaults:3)
  29 naga warriors
  5 hydras
  4 anacondas
  3 merfolk avatars
  20 two-headed ogres
  5 centaur warriors
  8 merfolk aquamancers
  A catoblepas (Shoals:3)
  9 dancing weapons
  3 ogre magi
  4 deep troll earth magi (Vaults:2)
  A deep troll shaman (Vaults:2)
  4 death yaks
  A soul eater (Vaults:2)
  Urug (Lair:1)
  A tengu warrior (D:15)
  35 naga sharpshooters
  7 shock serpents
  8 deep elf knights
  Sonja (Lair:5)
  8 skeletal warriors
  4 wretched stars
  An unseen horror (D:15)
  3 salamander mystics
  2 shadow wraiths
  A flayed ghost (Abyss:5)
  4 deep trolls (Vaults:2)
  15 sea snakes
  12 naga ritualists
  3 wizards
  A wolf spider zombie (D:14)
  5 deep elf archers
  12 mana vipers
  7 harpies
  29 deep elf magi
  12 orc knights
  An oklob plant (Lair:6)
  9 ironbrand convokers
  12 ugly things
  8 fauns
  An orc sorcerer (Orc:1)
  10 salamanders
  15 manticores
  13 cyclopes
  5 guardian serpents
  15 merfolk sirens
  9 elephants
  An ice statue (IceCv)
  5 vault sentinels
  14 naga magi (Snake:4)
  3 water nymphs
  2 smoke demons (Abyss:5)
  2 gargoyles
  36 black mambas
  An apocalypse crab (Abyss:5)
  A rime drake (shapeshifter) (Vaults:1)
  3 freezing wraiths
  8 komodo dragons
  5 rime drakes (Lair:6)
  14 spiny frogs
  A tormentor (Abyss:5)
  2 efreet
  A komodo dragon (shapeshifter) (Vaults:3)
  2 kobold demonologists
  19 yaktaurs
  An anaconda simulacrum (Abyss:5)
  A queen bee (Lair:5)
  A tengu conjurer (D:15)
  8 large abominations (Abyss:5)
  2 ancient zymes (Abyss:5)
  A wolf spider simulacrum (D:14)
  3 meliai (Lair:5)
  6 trolls
  46 merfolk
  5 wind drakes
  2 hornets
  20 polar bears (IceCv)
  2 raiju
  A harpy skeleton (D:14)
  A fire giant simulacrum (Vaults:2)
  11 dream sheep
  13 slime creatures
  6 snapping turtles
  24 blink frogs
  14 hippogriffs
  5 redbacks (Elf:3)
  2 centaur simulacra (D:12)
  3 air elementals
  A flying skull (Vaults:2)
  5 shadows
  4 wyverns
  3 vampires
  2 ynoxinuls (Abyss:5)
  20 water elementals
  2 wraiths
  A yak (shapeshifter) (Vaults:1)
  58 yaks
  2 hungry ghosts (D:8)
  6 hogs (D:15)
  3 fire elementals
  3 basilisks
  2 vampire mosquitoes (D:15)
  3 chaos spawn (Abyss:5)
  An insubstantial wisp (Abyss:5)
  A soldier ant (D:13)
  A swamp worm (shapeshifter) (Vaults:2)
  An acid dragon (D:11)
  9 wargs
  16 water moccasins
  75 nagas
  A hell hound (Lair:6)
  A porcupine (shapeshifter) (Vaults:1)
  5 porcupines
  38 orc warriors
  A swamp drake (D:10)
  An eye of draining (D:12)
  3 sky beasts
  7 starcursed masses
  2 necrophages (D:8)
  5 phantoms
  8 ice beasts
  56 wolves
  5 boggarts (Vaults:2)
  12 ogres
  8 crocodiles
  An orc skeleton (Vaults:2)
  26 centaurs
  19 big kobolds
  18 bullfrogs
  A wyvern zombie (D:14)
  A human skeleton (Vaults:2)
  An earth elemental (Elf:1)
  6 scorpions
  30 killer bees
  A water moccasin skeleton (D:8)
  10 wights
  4 howler monkeys
  3 crimson imps
  2 quasits
  A bullfrog zombie (D:13)
  2 human zombies (Ossuary)
  4 hounds
  2 centaur zombies (Ossuary)
  A wyvern simulacrum (D:12)
  5 jellies
  11 orc priests
  Crazy Yiuf (D:2)
  6 centaur skeletons
  Ijyb (D:3)
  5 bullfrog skeletons
  2 iguanas
  6 worker ants
  27 orc wizards
  2 big kobold zombies (Ossuary)
  A bullfrog simulacrum (D:12)
  3 mummies (Ossuary)
  3 gnolls
  14 adders
  3 shadow imps
  2 white imps (D:12)
  An ufetubus (D:12)
  An ooze (D:1)
  5 adder zombies
  2 worms (D:5)
  A dart slug (D:1)
  7 leopard geckos
  92 orcs
  2 ball pythons
  3 giant cockroaches (D:3)
  A gnoll zombie (Ossuary)
  9 goblins
  9 hobgoblins
  7 jackals
  32 kobolds
  A quokka (D:11)
  8 bats
  2 frilled lizards
  2 goblin zombies (Ossuary)
  A jackal skeleton (D:5)
  3 jackal zombies (Ossuary)
  2 kobold zombies (Ossuary)
  A leopard gecko zombie (D:7)
  An orc zombie (Ossuary)
  A quokka skeleton (D:4)
  5 quokka zombies (Ossuary)
  4 rats
  4 rat zombies (Ossuary)
  A spectral orc (D:9)
  9 tentacles
1555 creatures vanquished.

Vanquished Creatures (collateral kills)
  A kraken (Shoals:3)
  A fire giant (Vaults:3)
  A hydra (Lair:1)
  Erica (Lair:1)
  A necromancer (Vaults:2)
  A blink frog (Lair:3)
  4 starcursed masses (Abyss:5)
  A yak (Lair:1)
  2 nagas (Snake:4)
  A porcupine (Lair:1)
  A wolf (Lair:2)
  An ogre (D:4)
  A big kobold (D:8)
  2 killer bees (Lair:5)
  A quasit (D:9)
  A human zombie (Ossuary)
  An orc priest (D:3)
  An orc wizard (D:3)
  A worker ant (D:4)
  3 adders
  An adder zombie (D:5)
  8 orcs
  A bat (D:3)
  A giant cockroach (D:1)
  2 jackals
  A frilled lizard (D:3)
  2 orc zombies (Ossuary)
  A quokka zombie (Ossuary)
  2 tentacles (Shoals:3)
46 creatures vanquished.

Vanquished Creatures (others)
  A nagaraja (Snake:4)
  An anaconda (Snake:2)
  2 merfolk (Shoals:4)
  A water elemental (Elf:3)
  2 redbacks (Elf:3)
  An orc warrior (Orc:2)
  A centaur (D:15)
  A small abomination (Abyss:5)
  A ball lightning (Snake:1)
  2 demonic plants (Abyss:5)
  17 fungi
  A lurking horror (Abyss:5)
  10 plants
  23 tentacles
64 creatures vanquished.

Grand Total: 1665 creatures vanquished
